 Dungeon Crawl Stone Soup version 0.31-a0-826-ga5cc291a1b (webtiles) character file.

Game seed: 9098098075650871684

146 qw the Shooter (level 5, -2/32 HPs)
             Began as a Gargoyle Hunter on Sept 23, 2023.
             Killed by nerve-wracking pain
             ... invoked by an orc priest
              (7 damage)
             ... on level 3 of the Dungeon.
             The game lasted 00:06:17 (4500 turns).

qw the Shooter (Gargoyle Hunter)                    Turns: 4500, Time: 00:06:18

Health: -2/32      AC:  7    Str: 15    XL:     5   Next: 28%
Magic:  5/5        EV: 11    Int:  9    God:
Gold:   146        SH:  0    Dex: 15    Spells: 4/4 levels left

rFire   . . .        Y - +0 shortbow
rCold   . . .        (shield currently unavailable)
rNeg    + . .        c - +0 leather armour
rPois   inf          (no helmet)
rElec   +            (no cloak)
rCorr   .            (no gloves)
SInv    .            (no boots)
Will    .....        (no amulet)
Stlth   ++           (no ring)
HPRegen 0.25/turn    (no ring)
MPRegen 0.09/turn

%: no passive effects
@: about to teleport
A: sickness immunity, AC +4, negative energy resistance 1, electricity
resistance, torment resistance 1, petrification resistance
a: no special abilities


You were on level 3 of the Dungeon.
You visited 1 branch of the dungeon, and saw 3 of its levels.

You collected 146 gold pieces.


Innate Abilities, Weirdness & Mutations

You are immune to sickness and miasma.
Your stone body is resilient. (AC +4)
You are immune to poison.
You resist negative energy. (rN+)
You are resistant to electric shocks. (rElec)
You are resistant to unholy torment.
You are immune to petrification.


   Skills:
 + Level 3.2 Fighting
 - Level 6.0 Ranged Weapons
 - Level 1.5 Dodging
 - Level 1.1 Stealth


You had 4 spell levels left.
You didn't know any spells.
Your spell library was empty.

Inventory:

Hand Weapons
 Y - a +0 shortbow (weapon)
Armour
 c - a +0 leather armour (worn)
Jewellery
 f - a ring of fire
Scrolls
 a - 2 scrolls of identify
 d - a scroll of immolation {unknown}
 h - a scroll of enchant armour {unknown}
Potions
 b - a potion of curing
 e - a potion of attraction {unknown}
 i - a potion of might {unknown}
 j - a potion of cancellation {unknown}
 k - 2 potions of heal wounds {unknown}

Dungeon Overview and Level Annotations

Branches:
Dungeon (3/15)

Altars:


Message History

You are confused.
4492 ||| DRINKING 2 potions of curing.
You feel better.
4492 ||| (to cure confusion)
The orc priest mumbles some strange prayers to Beogh against you.
Beogh smites you!
4493 |||
Found retreat position at -4,-1 (floor) with 0 blocking monsters and 1 monsters attacking at destination at distance 4
Enter note:
Enter note:
4493 ||| Stepping ~*~*~tactically~*~*~ (retreating).
The orc priest looks braver for a moment.
You shoot an arrow.
The arrow hits the orc priest but does no damage.
You shoot an arrow. The arrow barely misses the orc priest.
The orc priest hits you but does no damage.
Enter note:
Enter note:
4496 |||
Found retreat position at -3,-1 (floor) with 0 blocking monsters and 1 monsters attacking at destination at distance 3
4496 ||| Stepping ~*~*~tactically~*~*~ (retreating).
You shoot an arrow. The arrow hits the orc priest.
The orc priest is moderately wounded.
The orc priest hits you with a +0 club.
You shoot an arrow.
The arrow closely misses the orc priest.
The orc priest hits you but does no damage.
The orc priest closely misses you.
You shoot an arrow. The arrow hits the orc priest.
The orc priest is severely wounded.
The orc priest hits you with a +0 club.
The orc priest mumbles some strange prayers to Beogh against you.
Beogh smites you!
Enter note:
Enter note:
4500 |||
Found retreat position at -2,0 (floor) with 0 blocking monsters and 1 monsters attacking at destination at distance 2
4500 ||| READING scroll of teleportation.
As you read the scroll of teleportation, it crumbles to dust.
You feel strangely unstable. The orc priest closely misses you.
The orc priest calls down the wrath of Beogh upon you.
Pain shoots through your body!
You die...

#.# .... . #.# ... .#
#####.###.# ..# ###
#.........##..## _$##
#.###...%......# $8.# ##.#
####..###### ...# ...#
####..# .8.# #..#
#.....####### .o# #..#
#.##.......@##'#### #..#
#.##.######oo....[##
#..###.#...####.o.......#
..............'.........'.
######.#...####.........##
### #.##.## ##.......##
..# #....# ##.....## #.#
####.# ##...... # #.#
##..####


You could see 2 orc priests and an orc wizard.

Vanquished Creatures
  A bullfrog (D:3)
  An adder (D:2)
  8 dart slugs
  3 orcs (D:3)
  3 endoplasms
  4 giant cockroaches (D:1)
  7 hobgoblins
  6 ball pythons
  6 bats
  2 frilled lizards (D:1)
  2 goblins
  6 kobolds
  7 rats
56 creatures vanquished.

Notes
Turn   | Place    | Note
-------+----------+-------------------------------------------
     0 | D:1      | qw the Gargoyle Hunter began the quest for the Orb.
     0 | D:1      | Reached XP level 1. HP: 12/12 MP: 1/1
     0 | D:1      | 0 ||| qw: Version: 0.3-a-83-gcd0e7d8
     0 | D:1      | 0 ||| qw: Game counter: 1892
     0 | D:1      | 0 ||| qw: Melee chars always use a shield: true
     0 | D:1      | 0 ||| qw: God list: Okawaru
     0 | D:1      | 0 ||| qw: Allow faded altars: false
     0 | D:1      | 0 ||| qw: Do Orc after clearing Dungeon:15 true
     0 | D:1      | 0 ||| qw: Do second Lair branch before Depths: true
     0 | D:1      | 0 ||| qw: Lair rune preference: random
     0 | D:1      | 0 ||| qw: Goals: Normal
     0 | D:1      | 0 ||| PLANNING D:1-11
    66 | D:1      | Reached XP level 2. HP: 17/17 MP: 2/2
   247 | D:1      | Reached XP level 3. HP: 21/21 MP: 3/3
   614 | D:1      | Reached skill level 5 in Ranged Weapons
   665 | D:1      | 665 ||| DROPPING ring of flight.
   666 | D:1      | 666 ||| READING scroll labelled AMPYC XAUFI.
   671 | D:1      | 671 ||| READING scroll labelled XIOSEF YDUPP.
   672 | D:1      | 672 ||| READING scroll labelled JYHURU GAUBEIDGH.
   673 | D:1      | 673 ||| DROPPING scroll of butterflies.
  1093 | D:2      | 1093 ||| FLEEEEING.
  1190 | D:2      | Reached skill level 3 in Fighting
  1308 | D:2      | 1308 ||| READING scroll labelled SEHOME BIANES.
  1309 | D:2      | 1309 ||| DRINKING 3 puce potions.
  1310 | D:2      | 1310 ||| READING 2 scrolls of identify.
  1310 | D:2      | 1310 ||| IDENTIFYING yellow potion
  1311 | D:2      | 1311 ||| DROPPING potion of brilliance.
  1399 | D:3      | Reached XP level 4. HP: 28/28 MP: 4/4
  1402 | D:3      | 1402 ||| Stepping ~*~*~tactically~*~*~ (water).
  1404 | D:3      | 1404 ||| Stepping ~*~*~tactically~*~*~ (water).
  1419 | D:3      | 1419 ||| Stepping ~*~*~tactically~*~*~ (water).
  1421 | D:3      | 1421 ||| Stepping ~*~*~tactically~*~*~ (water).
  1423 | D:3      | 1423 ||| Stepping ~*~*~tactically~*~*~ (water).
  1425 | D:3      | 1425 ||| Stepping ~*~*~tactically~*~*~ (water).
  1427 | D:3      | 1427 ||| Stepping ~*~*~tactically~*~*~ (water).
  1429 | D:3      | 1429 ||| Stepping ~*~*~tactically~*~*~ (water).
  1431 | D:3      | 1431 ||| Stepping ~*~*~tactically~*~*~ (water).
  1433 | D:3      | 1433 ||| Stepping ~*~*~tactically~*~*~ (water).
  1435 | D:3      | 1435 ||| Stepping ~*~*~tactically~*~*~ (water).
  1437 | D:3      | 1437 ||| Stepping ~*~*~tactically~*~*~ (water).
  1439 | D:3      | 1439 ||| Stepping ~*~*~tactically~*~*~ (water).
  1441 | D:3      | 1441 ||| Stepping ~*~*~tactically~*~*~ (water).
  1443 | D:3      | 1443 ||| Stepping ~*~*~tactically~*~*~ (water).
  1445 | D:3      | 1445 ||| Stepping ~*~*~tactically~*~*~ (water).
  1447 | D:3      | 1447 ||| Stepping ~*~*~tactically~*~*~ (water).
  1449 | D:3      | 1449 ||| Stepping ~*~*~tactically~*~*~ (water).
  1451 | D:3      | 1451 ||| Stepping ~*~*~tactically~*~*~ (water).
  1453 | D:3      | 1453 ||| Stepping ~*~*~tactically~*~*~ (water).
  1455 | D:3      | 1455 ||| Stepping ~*~*~tactically~*~*~ (water).
  1457 | D:3      | 1457 ||| Stepping ~*~*~tactically~*~*~ (water).
  1459 | D:3      | 1459 ||| Stepping ~*~*~tactically~*~*~ (water).
  1461 | D:3      | 1461 ||| Stepping ~*~*~tactically~*~*~ (water).
  1464 | D:3      | 1464 ||| Stepping ~*~*~tactically~*~*~ (water).
  1466 | D:3      | 1466 ||| Stepping ~*~*~tactically~*~*~ (water).
  1468 | D:3      | 1468 ||| Stepping ~*~*~tactically~*~*~ (water).
  1470 | D:3      | 1470 ||| Stepping ~*~*~tactically~*~*~ (water).
  1472 | D:3      | 1472 ||| Stepping ~*~*~tactically~*~*~ (water).
  1474 | D:3      | 1474 ||| Stepping ~*~*~tactically~*~*~ (water).
  1476 | D:3      | 1476 ||| Stepping ~*~*~tactically~*~*~ (water).
  1478 | D:3      | 1478 ||| Stepping ~*~*~tactically~*~*~ (water).
  1480 | D:3      | 1480 ||| Stepping ~*~*~tactically~*~*~ (water).
  1482 | D:3      | 1482 ||| Stepping ~*~*~tactically~*~*~ (water).
  1484 | D:3      | 1484 ||| Stepping ~*~*~tactically~*~*~ (water).
  1486 | D:3      | 1486 ||| Stepping ~*~*~tactically~*~*~ (water).
  1488 | D:3      | 1488 ||| Stepping ~*~*~tactically~*~*~ (water).
  1490 | D:3      | 1490 ||| Stepping ~*~*~tactically~*~*~ (water).
  1506 | D:3      | 1506 ||| Stepping ~*~*~tactically~*~*~ (water).
  1508 | D:3      | 1508 ||| Stepping ~*~*~tactically~*~*~ (water).
  1510 | D:3      | 1510 ||| Stepping ~*~*~tactically~*~*~ (water).
  1512 | D:3      | 1512 ||| Stepping ~*~*~tactically~*~*~ (water).
  1514 | D:3      | 1514 ||| Stepping ~*~*~tactically~*~*~ (water).
  1528 | D:3      | 1528 ||| Stepping ~*~*~tactically~*~*~ (water).
  1530 | D:3      | 1530 ||| Stepping ~*~*~tactically~*~*~ (water).
  1532 | D:3      | 1532 ||| Stepping ~*~*~tactically~*~*~ (water).
  1534 | D:3      | 1534 ||| Stepping ~*~*~tactically~*~*~ (water).
  1536 | D:3      | 1536 ||| Stepping ~*~*~tactically~*~*~ (water).
  1538 | D:3      | 1538 ||| Stepping ~*~*~tactically~*~*~ (water).
  1540 | D:3      | 1540 ||| Stepping ~*~*~tactically~*~*~ (water).
  1542 | D:3      | 1542 ||| Stepping ~*~*~tactically~*~*~ (water).
  1544 | D:3      | 1544 ||| Stepping ~*~*~tactically~*~*~ (water).
  1546 | D:3      | 1546 ||| Stepping ~*~*~tactically~*~*~ (water).
  1548 | D:3      | 1548 ||| Stepping ~*~*~tactically~*~*~ (water).
  1550 | D:3      | 1550 ||| Stepping ~*~*~tactically~*~*~ (water).
  1552 | D:3      | 1552 ||| Stepping ~*~*~tactically~*~*~ (water).
  1554 | D:3      | 1554 ||| Stepping ~*~*~tactically~*~*~ (water).
  1556 | D:3      | 1556 ||| Stepping ~*~*~tactically~*~*~ (water).
  1558 | D:3      | 1558 ||| Stepping ~*~*~tactically~*~*~ (water).
  1560 | D:3      | 1560 ||| Stepping ~*~*~tactically~*~*~ (water).
  1562 | D:3      | 1562 ||| Stepping ~*~*~tactically~*~*~ (water).
  1564 | D:3      | 1564 ||| Stepping ~*~*~tactically~*~*~ (water).
  1566 | D:3      | 1566 ||| Stepping ~*~*~tactically~*~*~ (water).
  1568 | D:3      | 1568 ||| Stepping ~*~*~tactically~*~*~ (water).
  1582 | D:3      | 1582 ||| Stepping ~*~*~tactically~*~*~ (water).
  1584 | D:3      | 1584 ||| Stepping ~*~*~tactically~*~*~ (water).
  1586 | D:3      | 1586 ||| Stepping ~*~*~tactically~*~*~ (water).
  1588 | D:3      | 1588 ||| Stepping ~*~*~tactically~*~*~ (water).
  1590 | D:3      | 1590 ||| Stepping ~*~*~tactically~*~*~ (water).
  1592 | D:3      | 1592 ||| Stepping ~*~*~tactically~*~*~ (water).
  1594 | D:3      | 1594 ||| Stepping ~*~*~tactically~*~*~ (water).
  1599 | D:3      | 1599 ||| Stepping ~*~*~tactically~*~*~ (water).
  1601 | D:3      | 1601 ||| Stepping ~*~*~tactically~*~*~ (water).
  1603 | D:3      | 1603 ||| Stepping ~*~*~tactically~*~*~ (water).
  1605 | D:3      | 1605 ||| Stepping ~*~*~tactically~*~*~ (water).
  1607 | D:3      | 1607 ||| Stepping ~*~*~tactically~*~*~ (water).
  1609 | D:3      | 1609 ||| Stepping ~*~*~tactically~*~*~ (water).
  1611 | D:3      | 1611 ||| Stepping ~*~*~tactically~*~*~ (water).
  1613 | D:3      | 1613 ||| Stepping ~*~*~tactically~*~*~ (water).
  1615 | D:3      | 1615 ||| Stepping ~*~*~tactically~*~*~ (water).
  1618 | D:3      | 1618 ||| Stepping ~*~*~tactically~*~*~ (water).
  1620 | D:3      | 1620 ||| Stepping ~*~*~tactically~*~*~ (water).
  1629 | D:3      | 1629 ||| Stepping ~*~*~tactically~*~*~ (water).
  1631 | D:3      | 1631 ||| Stepping ~*~*~tactically~*~*~ (water).
  1633 | D:3      | 1633 ||| Stepping ~*~*~tactically~*~*~ (water).
  1635 | D:3      | 1635 ||| Stepping ~*~*~tactically~*~*~ (water).
  1639 | D:3      | 1639 ||| Stepping ~*~*~tactically~*~*~ (water).
  1641 | D:3      | 1641 ||| Stepping ~*~*~tactically~*~*~ (water).
  1643 | D:3      | 1643 ||| Stepping ~*~*~tactically~*~*~ (water).
  1645 | D:3      | 1645 ||| Stepping ~*~*~tactically~*~*~ (water).
  1647 | D:3      | 1647 ||| Stepping ~*~*~tactically~*~*~ (water).
  1649 | D:3      | 1649 ||| Stepping ~*~*~tactically~*~*~ (water).
  1651 | D:3      | 1651 ||| Stepping ~*~*~tactically~*~*~ (water).
  1653 | D:3      | 1653 ||| Stepping ~*~*~tactically~*~*~ (water).
  1655 | D:3      | 1655 ||| Stepping ~*~*~tactically~*~*~ (water).
  1657 | D:3      | 1657 ||| Stepping ~*~*~tactically~*~*~ (water).
  1659 | D:3      | 1659 ||| Stepping ~*~*~tactically~*~*~ (water).
  1661 | D:3      | 1661 ||| Stepping ~*~*~tactically~*~*~ (water).
  1663 | D:3      | 1663 ||| Stepping ~*~*~tactically~*~*~ (water).
  1665 | D:3      | 1665 ||| Stepping ~*~*~tactically~*~*~ (water).
  1667 | D:3      | 1667 ||| Stepping ~*~*~tactically~*~*~ (water).
  1669 | D:3      | 1669 ||| Stepping ~*~*~tactically~*~*~ (water).
  1671 | D:3      | 1671 ||| Stepping ~*~*~tactically~*~*~ (water).
  1673 | D:3      | 1673 ||| Stepping ~*~*~tactically~*~*~ (water).
  1675 | D:3      | 1675 ||| Stepping ~*~*~tactically~*~*~ (water).
  1677 | D:3      | 1677 ||| Stepping ~*~*~tactically~*~*~ (water).
  1679 | D:3      | 1679 ||| Stepping ~*~*~tactically~*~*~ (water).
  1681 | D:3      | 1681 ||| Stepping ~*~*~tactically~*~*~ (water).
  1683 | D:3      | 1683 ||| Stepping ~*~*~tactically~*~*~ (water).
  1685 | D:3      | 1685 ||| Stepping ~*~*~tactically~*~*~ (water).
  1687 | D:3      | 1687 ||| Stepping ~*~*~tactically~*~*~ (water).
  1689 | D:3      | 1689 ||| Stepping ~*~*~tactically~*~*~ (water).
  1691 | D:3      | 1691 ||| Stepping ~*~*~tactically~*~*~ (water).
  1693 | D:3      | 1693 ||| Stepping ~*~*~tactically~*~*~ (water).
  1695 | D:3      | 1695 ||| Stepping ~*~*~tactically~*~*~ (water).
  1697 | D:3      | 1697 ||| Stepping ~*~*~tactically~*~*~ (water).
  1699 | D:3      | 1699 ||| Stepping ~*~*~tactically~*~*~ (water).
  1701 | D:3      | 1701 ||| Stepping ~*~*~tactically~*~*~ (water).
  1703 | D:3      | 1703 ||| Stepping ~*~*~tactically~*~*~ (water).
  1705 | D:3      | 1705 ||| Stepping ~*~*~tactically~*~*~ (water).
  1707 | D:3      | 1707 ||| Stepping ~*~*~tactically~*~*~ (water).
  1709 | D:3      | 1709 ||| Stepping ~*~*~tactically~*~*~ (water).
  1711 | D:3      | 1711 ||| Stepping ~*~*~tactically~*~*~ (water).
  1713 | D:3      | 1713 ||| Stepping ~*~*~tactically~*~*~ (water).
  1715 | D:3      | 1715 ||| Stepping ~*~*~tactically~*~*~ (water).
  1717 | D:3      | 1717 ||| Stepping ~*~*~tactically~*~*~ (water).
  1719 | D:3      | 1719 ||| Stepping ~*~*~tactically~*~*~ (water).
  1721 | D:3      | 1721 ||| Stepping ~*~*~tactically~*~*~ (water).
  1723 | D:3      | 1723 ||| Stepping ~*~*~tactically~*~*~ (water).
  1725 | D:3      | 1725 ||| Stepping ~*~*~tactically~*~*~ (water).
  1727 | D:3      | 1727 ||| Stepping ~*~*~tactically~*~*~ (water).
  1729 | D:3      | 1729 ||| Stepping ~*~*~tactically~*~*~ (water).
  1731 | D:3      | 1731 ||| Stepping ~*~*~tactically~*~*~ (water).
  1733 | D:3      | 1733 ||| Stepping ~*~*~tactically~*~*~ (water).
  1735 | D:3      | 1735 ||| Stepping ~*~*~tactically~*~*~ (water).
  1737 | D:3      | 1737 ||| Stepping ~*~*~tactically~*~*~ (water).
  1739 | D:3      | 1739 ||| Stepping ~*~*~tactically~*~*~ (water).
  1741 | D:3      | 1741 ||| Stepping ~*~*~tactically~*~*~ (water).
  1758 | D:3      | 1758 ||| Stepping ~*~*~tactically~*~*~ (water).
  1760 | D:3      | 1760 ||| Stepping ~*~*~tactically~*~*~ (water).
  1762 | D:3      | 1762 ||| Stepping ~*~*~tactically~*~*~ (water).
  1764 | D:3      | 1764 ||| Stepping ~*~*~tactically~*~*~ (water).
  1766 | D:3      | 1766 ||| Stepping ~*~*~tactically~*~*~ (water).
  1768 | D:3      | 1768 ||| Stepping ~*~*~tactically~*~*~ (water).
  1770 | D:3      | 1770 ||| Stepping ~*~*~tactically~*~*~ (water).
  1796 | D:3      | 1796 ||| Stepping ~*~*~tactically~*~*~ (water).
  1798 | D:3      | 1798 ||| Stepping ~*~*~tactically~*~*~ (water).
  1800 | D:3      | 1800 ||| Stepping ~*~*~tactically~*~*~ (water).
  1802 | D:3      | 1802 ||| Stepping ~*~*~tactically~*~*~ (water).
  1804 | D:3      | 1804 ||| Stepping ~*~*~tactically~*~*~ (water).
  1806 | D:3      | 1806 ||| Stepping ~*~*~tactically~*~*~ (water).
  1808 | D:3      | 1808 ||| Stepping ~*~*~tactically~*~*~ (water).
  1810 | D:3      | 1810 ||| Stepping ~*~*~tactically~*~*~ (water).
  1832 | D:3      | 1832 ||| Stepping ~*~*~tactically~*~*~ (water).
  1834 | D:3      | 1834 ||| Stepping ~*~*~tactically~*~*~ (water).
  1836 | D:3      | 1836 ||| Stepping ~*~*~tactically~*~*~ (water).
  1838 | D:3      | 1838 ||| Stepping ~*~*~tactically~*~*~ (water).
  1840 | D:3      | 1840 ||| Stepping ~*~*~tactically~*~*~ (water).
  1842 | D:3      | 1842 ||| Stepping ~*~*~tactically~*~*~ (water).
  1844 | D:3      | 1844 ||| Stepping ~*~*~tactically~*~*~ (water).
  1846 | D:3      | 1846 ||| Stepping ~*~*~tactically~*~*~ (water).
  1848 | D:3      | 1848 ||| Stepping ~*~*~tactically~*~*~ (water).
  1850 | D:3      | 1850 ||| Stepping ~*~*~tactically~*~*~ (water).
  1852 | D:3      | 1852 ||| Stepping ~*~*~tactically~*~*~ (water).
  1854 | D:3      | 1854 ||| Stepping ~*~*~tactically~*~*~ (water).
  1856 | D:3      | 1856 ||| Stepping ~*~*~tactically~*~*~ (water).
  1858 | D:3      | 1858 ||| Stepping ~*~*~tactically~*~*~ (water).
  1866 | D:3      | 1866 ||| Stepping ~*~*~tactically~*~*~ (water).
  1868 | D:3      | 1868 ||| Stepping ~*~*~tactically~*~*~ (water).
  1870 | D:3      | 1870 ||| Stepping ~*~*~tactically~*~*~ (water).
  1872 | D:3      | 1872 ||| Stepping ~*~*~tactically~*~*~ (water).
  1874 | D:3      | 1874 ||| Stepping ~*~*~tactically~*~*~ (water).
  1876 | D:3      | 1876 ||| Stepping ~*~*~tactically~*~*~ (water).
  1878 | D:3      | 1878 ||| Stepping ~*~*~tactically~*~*~ (water).
  1880 | D:3      | 1880 ||| Stepping ~*~*~tactically~*~*~ (water).
  1882 | D:3      | 1882 ||| Stepping ~*~*~tactically~*~*~ (water).
  1898 | D:3      | 1898 ||| Stepping ~*~*~tactically~*~*~ (water).
  1914 | D:3      | 1914 ||| Stepping ~*~*~tactically~*~*~ (water).
  1916 | D:3      | 1916 ||| Stepping ~*~*~tactically~*~*~ (water).
  1918 | D:3      | 1918 ||| Stepping ~*~*~tactically~*~*~ (water).
  1920 | D:3      | 1920 ||| Stepping ~*~*~tactically~*~*~ (water).
  1922 | D:3      | 1922 ||| Stepping ~*~*~tactically~*~*~ (water).
  1928 | D:3      | 1928 ||| Stepping ~*~*~tactically~*~*~ (water).
  1930 | D:3      | 1930 ||| Stepping ~*~*~tactically~*~*~ (water).
  1932 | D:3      | 1932 ||| Stepping ~*~*~tactically~*~*~ (water).
  1934 | D:3      | 1934 ||| Stepping ~*~*~tactically~*~*~ (water).
  1936 | D:3      | 1936 ||| Stepping ~*~*~tactically~*~*~ (water).
  1938 | D:3      | 1938 ||| Stepping ~*~*~tactically~*~*~ (water).
  1953 | D:3      | 1953 ||| Stepping ~*~*~tactically~*~*~ (water).
  1955 | D:3      | 1955 ||| Stepping ~*~*~tactically~*~*~ (water).
  1957 | D:3      | 1957 ||| Stepping ~*~*~tactically~*~*~ (water).
  1959 | D:3      | 1959 ||| Stepping ~*~*~tactically~*~*~ (water).
  1961 | D:3      | 1961 ||| Stepping ~*~*~tactically~*~*~ (water).
  1963 | D:3      | 1963 ||| Stepping ~*~*~tactically~*~*~ (water).
  1965 | D:3      | 1965 ||| Stepping ~*~*~tactically~*~*~ (water).
  1967 | D:3      | 1967 ||| Stepping ~*~*~tactically~*~*~ (water).
  1969 | D:3      | 1969 ||| Stepping ~*~*~tactically~*~*~ (water).
  1981 | D:3      | 1981 ||| Stepping ~*~*~tactically~*~*~ (water).
  1983 | D:3      | 1983 ||| Stepping ~*~*~tactically~*~*~ (water).
  1985 | D:3      | 1985 ||| Stepping ~*~*~tactically~*~*~ (water).
  1987 | D:3      | 1987 ||| Stepping ~*~*~tactically~*~*~ (water).
  1989 | D:3      | 1989 ||| Stepping ~*~*~tactically~*~*~ (water).
  1991 | D:3      | 1991 ||| Stepping ~*~*~tactically~*~*~ (water).
  1993 | D:3      | 1993 ||| Stepping ~*~*~tactically~*~*~ (water).
  1995 | D:3      | 1995 ||| Stepping ~*~*~tactically~*~*~ (water).
  2010 | D:3      | 2010 ||| Stepping ~*~*~tactically~*~*~ (water).
  2012 | D:3      | 2012 ||| Stepping ~*~*~tactically~*~*~ (water).
  2014 | D:3      | 2014 ||| Stepping ~*~*~tactically~*~*~ (water).
  2016 | D:3      | 2016 ||| Stepping ~*~*~tactically~*~*~ (water).
  2018 | D:3      | 2018 ||| Stepping ~*~*~tactically~*~*~ (water).
  2020 | D:3      | 2020 ||| Stepping ~*~*~tactically~*~*~ (water).
  2022 | D:3      | 2022 ||| Stepping ~*~*~tactically~*~*~ (water).
  2024 | D:3      | 2024 ||| Stepping ~*~*~tactically~*~*~ (water).
  2030 | D:3      | 2030 ||| Stepping ~*~*~tactically~*~*~ (water).
  2032 | D:3      | 2032 ||| Stepping ~*~*~tactically~*~*~ (water).
  2034 | D:3      | 2034 ||| Stepping ~*~*~tactically~*~*~ (water).
  2036 | D:3      | 2036 ||| Stepping ~*~*~tactically~*~*~ (water).
  2038 | D:3      | 2038 ||| Stepping ~*~*~tactically~*~*~ (water).
  2040 | D:3      | 2040 ||| Stepping ~*~*~tactically~*~*~ (water).
  2042 | D:3      | 2042 ||| Stepping ~*~*~tactically~*~*~ (water).
  2044 | D:3      | 2044 ||| Stepping ~*~*~tactically~*~*~ (water).
  2046 | D:3      | 2046 ||| Stepping ~*~*~tactically~*~*~ (water).
  2048 | D:3      | 2048 ||| Stepping ~*~*~tactically~*~*~ (water).
  2050 | D:3      | 2050 ||| Stepping ~*~*~tactically~*~*~ (water).
  2052 | D:3      | 2052 ||| Stepping ~*~*~tactically~*~*~ (water).
  2054 | D:3      | 2054 ||| Stepping ~*~*~tactically~*~*~ (water).
  2056 | D:3      | 2056 ||| Stepping ~*~*~tactically~*~*~ (water).
  2058 | D:3      | 2058 ||| Stepping ~*~*~tactically~*~*~ (water).
  2060 | D:3      | 2060 ||| Stepping ~*~*~tactically~*~*~ (water).
  2062 | D:3      | 2062 ||| Stepping ~*~*~tactically~*~*~ (water).
  2064 | D:3      | 2064 ||| Stepping ~*~*~tactically~*~*~ (water).
  2066 | D:3      | 2066 ||| Stepping ~*~*~tactically~*~*~ (water).
  2068 | D:3      | 2068 ||| Stepping ~*~*~tactically~*~*~ (water).
  2070 | D:3      | 2070 ||| Stepping ~*~*~tactically~*~*~ (water).
  2072 | D:3      | 2072 ||| Stepping ~*~*~tactically~*~*~ (water).
  2074 | D:3      | 2074 ||| Stepping ~*~*~tactically~*~*~ (water).
  2076 | D:3      | 2076 ||| Stepping ~*~*~tactically~*~*~ (water).
  2078 | D:3      | 2078 ||| Stepping ~*~*~tactically~*~*~ (water).
  2081 | D:3      | 2081 ||| Stepping ~*~*~tactically~*~*~ (water).
  2083 | D:3      | 2083 ||| Stepping ~*~*~tactically~*~*~ (water).
  2085 | D:3      | 2085 ||| Stepping ~*~*~tactically~*~*~ (water).
  2087 | D:3      | 2087 ||| Stepping ~*~*~tactically~*~*~ (water).
  2089 | D:3      | 2089 ||| Stepping ~*~*~tactically~*~*~ (water).
  2091 | D:3      | 2091 ||| Stepping ~*~*~tactically~*~*~ (water).
  2093 | D:3      | 2093 ||| Stepping ~*~*~tactically~*~*~ (water).
  2095 | D:3      | 2095 ||| Stepping ~*~*~tactically~*~*~ (water).
  2097 | D:3      | 2097 ||| Stepping ~*~*~tactically~*~*~ (water).
  2105 | D:3      | 2105 ||| Stepping ~*~*~tactically~*~*~ (water).
  2107 | D:3      | 2107 ||| Stepping ~*~*~tactically~*~*~ (water).
  2109 | D:3      | 2109 ||| Stepping ~*~*~tactically~*~*~ (water).
  2111 | D:3      | 2111 ||| Stepping ~*~*~tactically~*~*~ (water).
  2113 | D:3      | 2113 ||| Stepping ~*~*~tactically~*~*~ (water).
  2115 | D:3      | 2115 ||| Stepping ~*~*~tactically~*~*~ (water).
  2117 | D:3      | 2117 ||| Stepping ~*~*~tactically~*~*~ (water).
  2119 | D:3      | 2119 ||| Stepping ~*~*~tactically~*~*~ (water).
  2121 | D:3      | 2121 ||| Stepping ~*~*~tactically~*~*~ (water).
  2123 | D:3      | 2123 ||| Stepping ~*~*~tactically~*~*~ (water).
  2125 | D:3      | 2125 ||| Stepping ~*~*~tactically~*~*~ (water).
  2127 | D:3      | 2127 ||| Stepping ~*~*~tactically~*~*~ (water).
  2129 | D:3      | 2129 ||| Stepping ~*~*~tactically~*~*~ (water).
  2131 | D:3      | 2131 ||| Stepping ~*~*~tactically~*~*~ (water).
  2133 | D:3      | 2133 ||| Stepping ~*~*~tactically~*~*~ (water).
  2135 | D:3      | 2135 ||| Stepping ~*~*~tactically~*~*~ (water).
  2137 | D:3      | 2137 ||| Stepping ~*~*~tactically~*~*~ (water).
  2139 | D:3      | 2139 ||| Stepping ~*~*~tactically~*~*~ (water).
  2141 | D:3      | 2141 ||| Stepping ~*~*~tactically~*~*~ (water).
  2143 | D:3      | 2143 ||| Stepping ~*~*~tactically~*~*~ (water).
  2145 | D:3      | 2145 ||| Stepping ~*~*~tactically~*~*~ (water).
  2147 | D:3      | 2147 ||| Stepping ~*~*~tactically~*~*~ (water).
  2149 | D:3      | 2149 ||| Stepping ~*~*~tactically~*~*~ (water).
  2151 | D:3      | 2151 ||| Stepping ~*~*~tactically~*~*~ (water).
  2153 | D:3      | 2153 ||| Stepping ~*~*~tactically~*~*~ (water).
  2155 | D:3      | 2155 ||| Stepping ~*~*~tactically~*~*~ (water).
  2157 | D:3      | 2157 ||| Stepping ~*~*~tactically~*~*~ (water).
  2159 | D:3      | 2159 ||| Stepping ~*~*~tactically~*~*~ (water).
  2161 | D:3      | 2161 ||| Stepping ~*~*~tactically~*~*~ (water).
  2163 | D:3      | 2163 ||| Stepping ~*~*~tactically~*~*~ (water).
  2165 | D:3      | 2165 ||| Stepping ~*~*~tactically~*~*~ (water).
  2167 | D:3      | 2167 ||| Stepping ~*~*~tactically~*~*~ (water).
  2169 | D:3      | 2169 ||| Stepping ~*~*~tactically~*~*~ (water).
  2171 | D:3      | 2171 ||| Stepping ~*~*~tactically~*~*~ (water).
  2173 | D:3      | 2173 ||| Stepping ~*~*~tactically~*~*~ (water).
  2175 | D:3      | 2175 ||| Stepping ~*~*~tactically~*~*~ (water).
  2177 | D:3      | 2177 ||| Stepping ~*~*~tactically~*~*~ (water).
  2179 | D:3      | 2179 ||| Stepping ~*~*~tactically~*~*~ (water).
  2182 | D:3      | 2182 ||| Stepping ~*~*~tactically~*~*~ (water).
  2184 | D:3      | 2184 ||| Stepping ~*~*~tactically~*~*~ (water).
  2186 | D:3      | 2186 ||| Stepping ~*~*~tactically~*~*~ (water).
  2188 | D:3      | 2188 ||| Stepping ~*~*~tactically~*~*~ (water).
  2190 | D:3      | 2190 ||| Stepping ~*~*~tactically~*~*~ (water).
  2192 | D:3      | 2192 ||| Stepping ~*~*~tactically~*~*~ (water).
  2194 | D:3      | 2194 ||| Stepping ~*~*~tactically~*~*~ (water).
  2196 | D:3      | 2196 ||| Stepping ~*~*~tactically~*~*~ (water).
  2198 | D:3      | 2198 ||| Stepping ~*~*~tactically~*~*~ (water).
  2200 | D:3      | 2200 ||| Stepping ~*~*~tactically~*~*~ (water).
  2202 | D:3      | 2202 ||| Stepping ~*~*~tactically~*~*~ (water).
  2204 | D:3      | 2204 ||| Stepping ~*~*~tactically~*~*~ (water).
  2206 | D:3      | 2206 ||| Stepping ~*~*~tactically~*~*~ (water).
  2208 | D:3      | 2208 ||| Stepping ~*~*~tactically~*~*~ (water).
  2210 | D:3      | 2210 ||| Stepping ~*~*~tactically~*~*~ (water).
  2212 | D:3      | 2212 ||| Stepping ~*~*~tactically~*~*~ (water).
  2214 | D:3      | 2214 ||| Stepping ~*~*~tactically~*~*~ (water).
  2216 | D:3      | 2216 ||| Stepping ~*~*~tactically~*~*~ (water).
  2218 | D:3      | 2218 ||| Stepping ~*~*~tactically~*~*~ (water).
  2220 | D:3      | 2220 ||| Stepping ~*~*~tactically~*~*~ (water).
  2222 | D:3      | 2222 ||| Stepping ~*~*~tactically~*~*~ (water).
  2224 | D:3      | 2224 ||| Stepping ~*~*~tactically~*~*~ (water).
  2226 | D:3      | 2226 ||| Stepping ~*~*~tactically~*~*~ (water).
  2228 | D:3      | 2228 ||| Stepping ~*~*~tactically~*~*~ (water).
  2230 | D:3      | 2230 ||| Stepping ~*~*~tactically~*~*~ (water).
  2232 | D:3      | 2232 ||| Stepping ~*~*~tactically~*~*~ (water).
  2234 | D:3      | 2234 ||| Stepping ~*~*~tactically~*~*~ (water).
  2236 | D:3      | 2236 ||| Stepping ~*~*~tactically~*~*~ (water).
  2238 | D:3      | 2238 ||| Stepping ~*~*~tactically~*~*~ (water).
  2240 | D:3      | 2240 ||| Stepping ~*~*~tactically~*~*~ (water).
  2242 | D:3      | 2242 ||| Stepping ~*~*~tactically~*~*~ (water).
  2244 | D:3      | 2244 ||| Stepping ~*~*~tactically~*~*~ (water).
  2246 | D:3      | 2246 ||| Stepping ~*~*~tactically~*~*~ (water).
  2248 | D:3      | 2248 ||| Stepping ~*~*~tactically~*~*~ (water).
  2250 | D:3      | 2250 ||| Stepping ~*~*~tactically~*~*~ (water).
  2252 | D:3      | 2252 ||| Stepping ~*~*~tactically~*~*~ (water).
  2254 | D:3      | 2254 ||| Stepping ~*~*~tactically~*~*~ (water).
  2256 | D:3      | 2256 ||| Stepping ~*~*~tactically~*~*~ (water).
  2258 | D:3      | 2258 ||| Stepping ~*~*~tactically~*~*~ (water).
  2260 | D:3      | 2260 ||| Stepping ~*~*~tactically~*~*~ (water).
  2262 | D:3      | 2262 ||| Stepping ~*~*~tactically~*~*~ (water).
  2264 | D:3      | 2264 ||| Stepping ~*~*~tactically~*~*~ (water).
  2266 | D:3      | 2266 ||| Stepping ~*~*~tactically~*~*~ (water).
  2268 | D:3      | 2268 ||| Stepping ~*~*~tactically~*~*~ (water).
  2270 | D:3      | 2270 ||| Stepping ~*~*~tactically~*~*~ (water).
  2272 | D:3      | 2272 ||| Stepping ~*~*~tactically~*~*~ (water).
  2274 | D:3      | 2274 ||| Stepping ~*~*~tactically~*~*~ (water).
  2276 | D:3      | 2276 ||| Stepping ~*~*~tactically~*~*~ (water).
  2278 | D:3      | 2278 ||| Stepping ~*~*~tactically~*~*~ (water).
  2280 | D:3      | 2280 ||| Stepping ~*~*~tactically~*~*~ (water).
  2282 | D:3      | 2282 ||| Stepping ~*~*~tactically~*~*~ (water).
  2284 | D:3      | 2284 ||| Stepping ~*~*~tactically~*~*~ (water).
  2286 | D:3      | 2286 ||| Stepping ~*~*~tactically~*~*~ (water).
  2288 | D:3      | 2288 ||| Stepping ~*~*~tactically~*~*~ (water).
  2290 | D:3      | 2290 ||| Stepping ~*~*~tactically~*~*~ (water).
  2292 | D:3      | 2292 ||| Stepping ~*~*~tactically~*~*~ (water).
  2294 | D:3      | 2294 ||| Stepping ~*~*~tactically~*~*~ (water).
  2296 | D:3      | 2296 ||| Stepping ~*~*~tactically~*~*~ (water).
  2298 | D:3      | 2298 ||| Stepping ~*~*~tactically~*~*~ (water).
  2300 | D:3      | 2300 ||| Stepping ~*~*~tactically~*~*~ (water).
  2302 | D:3      | 2302 ||| Stepping ~*~*~tactically~*~*~ (water).
  2304 | D:3      | 2304 ||| Stepping ~*~*~tactically~*~*~ (water).
  2306 | D:3      | 2306 ||| Stepping ~*~*~tactically~*~*~ (water).
  2308 | D:3      | 2308 ||| Stepping ~*~*~tactically~*~*~ (water).
  2310 | D:3      | 2310 ||| Stepping ~*~*~tactically~*~*~ (water).
  2312 | D:3      | 2312 ||| Stepping ~*~*~tactically~*~*~ (water).
  2314 | D:3      | 2314 ||| Stepping ~*~*~tactically~*~*~ (water).
  2316 | D:3      | 2316 ||| Stepping ~*~*~tactically~*~*~ (water).
  2318 | D:3      | 2318 ||| Stepping ~*~*~tactically~*~*~ (water).
  2320 | D:3      | 2320 ||| Stepping ~*~*~tactically~*~*~ (water).
  2322 | D:3      | 2322 ||| Stepping ~*~*~tactically~*~*~ (water).
  2324 | D:3      | 2324 ||| Stepping ~*~*~tactically~*~*~ (water).
  2326 | D:3      | 2326 ||| Stepping ~*~*~tactically~*~*~ (water).
  2328 | D:3      | 2328 ||| Stepping ~*~*~tactically~*~*~ (water).
  2330 | D:3      | 2330 ||| Stepping ~*~*~tactically~*~*~ (water).
  2332 | D:3      | 2332 ||| Stepping ~*~*~tactically~*~*~ (water).
  2334 | D:3      | 2334 ||| Stepping ~*~*~tactically~*~*~ (water).
  2336 | D:3      | 2336 ||| Stepping ~*~*~tactically~*~*~ (water).
  2338 | D:3      | 2338 ||| Stepping ~*~*~tactically~*~*~ (water).
  2340 | D:3      | 2340 ||| Stepping ~*~*~tactically~*~*~ (water).
  2342 | D:3      | 2342 ||| Stepping ~*~*~tactically~*~*~ (water).
  2344 | D:3      | 2344 ||| Stepping ~*~*~tactically~*~*~ (water).
  2346 | D:3      | 2346 ||| Stepping ~*~*~tactically~*~*~ (water).
  2348 | D:3      | 2348 ||| Stepping ~*~*~tactically~*~*~ (water).
  2350 | D:3      | 2350 ||| Stepping ~*~*~tactically~*~*~ (water).
  2352 | D:3      | 2352 ||| Stepping ~*~*~tactically~*~*~ (water).
  2354 | D:3      | 2354 ||| Stepping ~*~*~tactically~*~*~ (water).
  2356 | D:3      | 2356 ||| Stepping ~*~*~tactically~*~*~ (water).
  2358 | D:3      | 2358 ||| Stepping ~*~*~tactically~*~*~ (water).
  2360 | D:3      | 2360 ||| Stepping ~*~*~tactically~*~*~ (water).
  2362 | D:3      | 2362 ||| Stepping ~*~*~tactically~*~*~ (water).
  2364 | D:3      | 2364 ||| Stepping ~*~*~tactically~*~*~ (water).
  2366 | D:3      | 2366 ||| Stepping ~*~*~tactically~*~*~ (water).
  2368 | D:3      | 2368 ||| Stepping ~*~*~tactically~*~*~ (water).
  2370 | D:3      | 2370 ||| Stepping ~*~*~tactically~*~*~ (water).
  2372 | D:3      | 2372 ||| Stepping ~*~*~tactically~*~*~ (water).
  2374 | D:3      | 2374 ||| Stepping ~*~*~tactically~*~*~ (water).
  2376 | D:3      | 2376 ||| Stepping ~*~*~tactically~*~*~ (water).
  2378 | D:3      | 2378 ||| Stepping ~*~*~tactically~*~*~ (water).
  2380 | D:3      | 2380 ||| Stepping ~*~*~tactically~*~*~ (water).
  2382 | D:3      | 2382 ||| Stepping ~*~*~tactically~*~*~ (water).
  2384 | D:3      | 2384 ||| Stepping ~*~*~tactically~*~*~ (water).
  2386 | D:3      | 2386 ||| Stepping ~*~*~tactically~*~*~ (water).
  2388 | D:3      | 2388 ||| Stepping ~*~*~tactically~*~*~ (water).
  2390 | D:3      | 2390 ||| Stepping ~*~*~tactically~*~*~ (water).
  2392 | D:3      | 2392 ||| Stepping ~*~*~tactically~*~*~ (water).
  2394 | D:3      | 2394 ||| Stepping ~*~*~tactically~*~*~ (water).
  2396 | D:3      | 2396 ||| Stepping ~*~*~tactically~*~*~ (water).
  2401 | D:3      | 2401 ||| Stepping ~*~*~tactically~*~*~ (water).
  2403 | D:3      | 2403 ||| Stepping ~*~*~tactically~*~*~ (water).
  2405 | D:3      | 2405 ||| Stepping ~*~*~tactically~*~*~ (water).
  2407 | D:3      | 2407 ||| Stepping ~*~*~tactically~*~*~ (water).
  2409 | D:3      | 2409 ||| Stepping ~*~*~tactically~*~*~ (water).
  2411 | D:3      | 2411 ||| Stepping ~*~*~tactically~*~*~ (water).
  2413 | D:3      | 2413 ||| Stepping ~*~*~tactically~*~*~ (water).
  2415 | D:3      | 2415 ||| Stepping ~*~*~tactically~*~*~ (water).
  2417 | D:3      | 2417 ||| Stepping ~*~*~tactically~*~*~ (water).
  2419 | D:3      | 2419 ||| Stepping ~*~*~tactically~*~*~ (water).
  2421 | D:3      | 2421 ||| Stepping ~*~*~tactically~*~*~ (water).
  2423 | D:3      | 2423 ||| Stepping ~*~*~tactically~*~*~ (water).
  2425 | D:3      | 2425 ||| Stepping ~*~*~tactically~*~*~ (water).
  2427 | D:3      | 2427 ||| Stepping ~*~*~tactically~*~*~ (water).
  2429 | D:3      | 2429 ||| Stepping ~*~*~tactically~*~*~ (water).
  2431 | D:3      | 2431 ||| Stepping ~*~*~tactically~*~*~ (water).
  2433 | D:3      | 2433 ||| Stepping ~*~*~tactically~*~*~ (water).
  2435 | D:3      | 2435 ||| Stepping ~*~*~tactically~*~*~ (water).
  2437 | D:3      | 2437 ||| Stepping ~*~*~tactically~*~*~ (water).
  2439 | D:3      | 2439 ||| Stepping ~*~*~tactically~*~*~ (water).
  2441 | D:3      | 2441 ||| Stepping ~*~*~tactically~*~*~ (water).
  2443 | D:3      | 2443 ||| Stepping ~*~*~tactically~*~*~ (water).
  2445 | D:3      | 2445 ||| Stepping ~*~*~tactically~*~*~ (water).
  2447 | D:3      | 2447 ||| Stepping ~*~*~tactically~*~*~ (water).
  2449 | D:3      | 2449 ||| Stepping ~*~*~tactically~*~*~ (water).
  2451 | D:3      | 2451 ||| Stepping ~*~*~tactically~*~*~ (water).
  2453 | D:3      | 2453 ||| Stepping ~*~*~tactically~*~*~ (water).
  2455 | D:3      | 2455 ||| Stepping ~*~*~tactically~*~*~ (water).
  2457 | D:3      | 2457 ||| Stepping ~*~*~tactically~*~*~ (water).
  2459 | D:3      | 2459 ||| Stepping ~*~*~tactically~*~*~ (water).
  2461 | D:3      | 2461 ||| Stepping ~*~*~tactically~*~*~ (water).
  2463 | D:3      | 2463 ||| Stepping ~*~*~tactically~*~*~ (water).
  2465 | D:3      | 2465 ||| Stepping ~*~*~tactically~*~*~ (water).
  2467 | D:3      | 2467 ||| Stepping ~*~*~tactically~*~*~ (water).
  2469 | D:3      | 2469 ||| Stepping ~*~*~tactically~*~*~ (water).
  2471 | D:3      | 2471 ||| Stepping ~*~*~tactically~*~*~ (water).
  2473 | D:3      | 2473 ||| Stepping ~*~*~tactically~*~*~ (water).
  2483 | D:3      | 2483 ||| Stepping ~*~*~tactically~*~*~ (water).
  2485 | D:3      | 2485 ||| Stepping ~*~*~tactically~*~*~ (water).
  2487 | D:3      | 2487 ||| Stepping ~*~*~tactically~*~*~ (water).
  2494 | D:3      | 2494 ||| Stepping ~*~*~tactically~*~*~ (water).
  2496 | D:3      | 2496 ||| Stepping ~*~*~tactically~*~*~ (water).
  2498 | D:3      | 2498 ||| Stepping ~*~*~tactically~*~*~ (water).
  2500 | D:3      | 2500 ||| Stepping ~*~*~tactically~*~*~ (water).
  2502 | D:3      | 2502 ||| Stepping ~*~*~tactically~*~*~ (water).
  2504 | D:3      | 2504 ||| Stepping ~*~*~tactically~*~*~ (water).
  2506 | D:3      | 2506 ||| Stepping ~*~*~tactically~*~*~ (water).
  2508 | D:3      | 2508 ||| Stepping ~*~*~tactically~*~*~ (water).
  2510 | D:3      | 2510 ||| Stepping ~*~*~tactically~*~*~ (water).
  2513 | D:3      | 2513 ||| Stepping ~*~*~tactically~*~*~ (water).
  2515 | D:3      | 2515 ||| Stepping ~*~*~tactically~*~*~ (water).
  2517 | D:3      | 2517 ||| Stepping ~*~*~tactically~*~*~ (water).
  2519 | D:3      | 2519 ||| Stepping ~*~*~tactically~*~*~ (water).
  2521 | D:3      | 2521 ||| Stepping ~*~*~tactically~*~*~ (water).
  2523 | D:3      | 2523 ||| Stepping ~*~*~tactically~*~*~ (water).
  2525 | D:3      | 2525 ||| Stepping ~*~*~tactically~*~*~ (water).
  2527 | D:3      | 2527 ||| Stepping ~*~*~tactically~*~*~ (water).
  2529 | D:3      | 2529 ||| Stepping ~*~*~tactically~*~*~ (water).
  2531 | D:3      | 2531 ||| Stepping ~*~*~tactically~*~*~ (water).
  2533 | D:3      | 2533 ||| Stepping ~*~*~tactically~*~*~ (water).
  2535 | D:3      | 2535 ||| Stepping ~*~*~tactically~*~*~ (water).
  2543 | D:3      | 2543 ||| Stepping ~*~*~tactically~*~*~ (water).
  2551 | D:3      | 2551 ||| Stepping ~*~*~tactically~*~*~ (water).
  2553 | D:3      | 2553 ||| Stepping ~*~*~tactically~*~*~ (water).
  2555 | D:3      | 2555 ||| Stepping ~*~*~tactically~*~*~ (water).
  2557 | D:3      | 2557 ||| Stepping ~*~*~tactically~*~*~ (water).
  2559 | D:3      | 2559 ||| Stepping ~*~*~tactically~*~*~ (water).
  2561 | D:3      | 2561 ||| Stepping ~*~*~tactically~*~*~ (water).
  2563 | D:3      | 2563 ||| Stepping ~*~*~tactically~*~*~ (water).
  2565 | D:3      | 2565 ||| Stepping ~*~*~tactically~*~*~ (water).
  2567 | D:3      | 2567 ||| Stepping ~*~*~tactically~*~*~ (water).
  2569 | D:3      | 2569 ||| Stepping ~*~*~tactically~*~*~ (water).
  2571 | D:3      | 2571 ||| Stepping ~*~*~tactically~*~*~ (water).
  2582 | D:3      | 2582 ||| Stepping ~*~*~tactically~*~*~ (water).
  2584 | D:3      | 2584 ||| Stepping ~*~*~tactically~*~*~ (water).
  2586 | D:3      | 2586 ||| Stepping ~*~*~tactically~*~*~ (water).
  2588 | D:3      | 2588 ||| Stepping ~*~*~tactically~*~*~ (water).
  2590 | D:3      | 2590 ||| Stepping ~*~*~tactically~*~*~ (water).
  2592 | D:3      | 2592 ||| Stepping ~*~*~tactically~*~*~ (water).
  2594 | D:3      | 2594 ||| Stepping ~*~*~tactically~*~*~ (water).
  2596 | D:3      | 2596 ||| Stepping ~*~*~tactically~*~*~ (water).
  2598 | D:3      | 2598 ||| Stepping ~*~*~tactically~*~*~ (water).
  2600 | D:3      | 2600 ||| Stepping ~*~*~tactically~*~*~ (water).
  2602 | D:3      | 2602 ||| Stepping ~*~*~tactically~*~*~ (water).
  2604 | D:3      | 2604 ||| Stepping ~*~*~tactically~*~*~ (water).
  2606 | D:3      | 2606 ||| Stepping ~*~*~tactically~*~*~ (water).
  2608 | D:3      | 2608 ||| Stepping ~*~*~tactically~*~*~ (water).
  2610 | D:3      | 2610 ||| Stepping ~*~*~tactically~*~*~ (water).
  2612 | D:3      | 2612 ||| Stepping ~*~*~tactically~*~*~ (water).
  2614 | D:3      | 2614 ||| Stepping ~*~*~tactically~*~*~ (water).
  2616 | D:3      | 2616 ||| Stepping ~*~*~tactically~*~*~ (water).
  2618 | D:3      | 2618 ||| Stepping ~*~*~tactically~*~*~ (water).
  2620 | D:3      | 2620 ||| Stepping ~*~*~tactically~*~*~ (water).
  2645 | D:3      | 2645 ||| Stepping ~*~*~tactically~*~*~ (water).
  2647 | D:3      | 2647 ||| Stepping ~*~*~tactically~*~*~ (water).
  2649 | D:3      | 2649 ||| Stepping ~*~*~tactically~*~*~ (water).
  2651 | D:3      | 2651 ||| Stepping ~*~*~tactically~*~*~ (water).
  2653 | D:3      | 2653 ||| Stepping ~*~*~tactically~*~*~ (water).
  2655 | D:3      | 2655 ||| Stepping ~*~*~tactically~*~*~ (water).
  2657 | D:3      | 2657 ||| Stepping ~*~*~tactically~*~*~ (water).
  2659 | D:3      | 2659 ||| Stepping ~*~*~tactically~*~*~ (water).
  2661 | D:3      | 2661 ||| Stepping ~*~*~tactically~*~*~ (water).
  2663 | D:3      | 2663 ||| Stepping ~*~*~tactically~*~*~ (water).
  2665 | D:3      | 2665 ||| Stepping ~*~*~tactically~*~*~ (water).
  2667 | D:3      | 2667 ||| Stepping ~*~*~tactically~*~*~ (water).
  2669 | D:3      | 2669 ||| Stepping ~*~*~tactically~*~*~ (water).
  2671 | D:3      | 2671 ||| Stepping ~*~*~tactically~*~*~ (water).
  2673 | D:3      | 2673 ||| Stepping ~*~*~tactically~*~*~ (water).
  2675 | D:3      | 2675 ||| Stepping ~*~*~tactically~*~*~ (water).
  2677 | D:3      | 2677 ||| Stepping ~*~*~tactically~*~*~ (water).
  2679 | D:3      | 2679 ||| Stepping ~*~*~tactically~*~*~ (water).
  2681 | D:3      | 2681 ||| Stepping ~*~*~tactically~*~*~ (water).
  2683 | D:3      | 2683 ||| Stepping ~*~*~tactically~*~*~ (water).
  2685 | D:3      | 2685 ||| Stepping ~*~*~tactically~*~*~ (water).
  2687 | D:3      | 2687 ||| Stepping ~*~*~tactically~*~*~ (water).
  2689 | D:3      | 2689 ||| Stepping ~*~*~tactically~*~*~ (water).
  2691 | D:3      | 2691 ||| Stepping ~*~*~tactically~*~*~ (water).
  2693 | D:3      | 2693 ||| Stepping ~*~*~tactically~*~*~ (water).
  2695 | D:3      | 2695 ||| Stepping ~*~*~tactically~*~*~ (water).
  2697 | D:3      | 2697 ||| Stepping ~*~*~tactically~*~*~ (water).
  2699 | D:3      | 2699 ||| Stepping ~*~*~tactically~*~*~ (water).
  2701 | D:3      | 2701 ||| Stepping ~*~*~tactically~*~*~ (water).
  2703 | D:3      | 2703 ||| Stepping ~*~*~tactically~*~*~ (water).
  2705 | D:3      | 2705 ||| Stepping ~*~*~tactically~*~*~ (water).
  2707 | D:3      | 2707 ||| Stepping ~*~*~tactically~*~*~ (water).
  2709 | D:3      | 2709 ||| Stepping ~*~*~tactically~*~*~ (water).
  2711 | D:3      | 2711 ||| Stepping ~*~*~tactically~*~*~ (water).
  2713 | D:3      | 2713 ||| Stepping ~*~*~tactically~*~*~ (water).
  2715 | D:3      | 2715 ||| Stepping ~*~*~tactically~*~*~ (water).
  2717 | D:3      | 2717 ||| Stepping ~*~*~tactically~*~*~ (water).
  2719 | D:3      | 2719 ||| Stepping ~*~*~tactically~*~*~ (water).
  2721 | D:3      | 2721 ||| Stepping ~*~*~tactically~*~*~ (water).
  2734 | D:3      | 2734 ||| Stepping ~*~*~tactically~*~*~ (water).
  2736 | D:3      | 2736 ||| Stepping ~*~*~tactically~*~*~ (water).
  2738 | D:3      | 2738 ||| Stepping ~*~*~tactically~*~*~ (water).
  2740 | D:3      | 2740 ||| Stepping ~*~*~tactically~*~*~ (water).
  2742 | D:3      | 2742 ||| Stepping ~*~*~tactically~*~*~ (water).
  2744 | D:3      | 2744 ||| Stepping ~*~*~tactically~*~*~ (water).
  2747 | D:3      | 2747 ||| Stepping ~*~*~tactically~*~*~ (water).
  2755 | D:3      | 2755 ||| Stepping ~*~*~tactically~*~*~ (water).
  2757 | D:3      | 2757 ||| Stepping ~*~*~tactically~*~*~ (water).
  2770 | D:3      | 2770 ||| Stepping ~*~*~tactically~*~*~ (water).
  2772 | D:3      | 2772 ||| Stepping ~*~*~tactically~*~*~ (water).
  2774 | D:3      | 2774 ||| Stepping ~*~*~tactically~*~*~ (water).
  2776 | D:3      | 2776 ||| Stepping ~*~*~tactically~*~*~ (water).
  2778 | D:3      | 2778 ||| Stepping ~*~*~tactically~*~*~ (water).
  2780 | D:3      | 2780 ||| Stepping ~*~*~tactically~*~*~ (water).
  2782 | D:3      | 2782 ||| Stepping ~*~*~tactically~*~*~ (water).
  2784 | D:3      | 2784 ||| Stepping ~*~*~tactically~*~*~ (water).
  2786 | D:3      | 2786 ||| Stepping ~*~*~tactically~*~*~ (water).
  2788 | D:3      | 2788 ||| Stepping ~*~*~tactically~*~*~ (water).
  2790 | D:3      | 2790 ||| Stepping ~*~*~tactically~*~*~ (water).
  2792 | D:3      | 2792 ||| Stepping ~*~*~tactically~*~*~ (water).
  2794 | D:3      | 2794 ||| Stepping ~*~*~tactically~*~*~ (water).
  2796 | D:3      | 2796 ||| Stepping ~*~*~tactically~*~*~ (water).
  2798 | D:3      | 2798 ||| Stepping ~*~*~tactically~*~*~ (water).
  2800 | D:3      | 2800 ||| Stepping ~*~*~tactically~*~*~ (water).
  2802 | D:3      | 2802 ||| Stepping ~*~*~tactically~*~*~ (water).
  2804 | D:3      | 2804 ||| Stepping ~*~*~tactically~*~*~ (water).
  2806 | D:3      | 2806 ||| Stepping ~*~*~tactically~*~*~ (water).
  2808 | D:3      | 2808 ||| Stepping ~*~*~tactically~*~*~ (water).
  2810 | D:3      | 2810 ||| Stepping ~*~*~tactically~*~*~ (water).
  2812 | D:3      | 2812 ||| Stepping ~*~*~tactically~*~*~ (water).
  2814 | D:3      | 2814 ||| Stepping ~*~*~tactically~*~*~ (water).
  2816 | D:3      | 2816 ||| Stepping ~*~*~tactically~*~*~ (water).
  2818 | D:3      | 2818 ||| Stepping ~*~*~tactically~*~*~ (water).
  2820 | D:3      | 2820 ||| Stepping ~*~*~tactically~*~*~ (water).
  2822 | D:3      | 2822 ||| Stepping ~*~*~tactically~*~*~ (water).
  2824 | D:3      | 2824 ||| Stepping ~*~*~tactically~*~*~ (water).
  2826 | D:3      | 2826 ||| Stepping ~*~*~tactically~*~*~ (water).
  2828 | D:3      | 2828 ||| Stepping ~*~*~tactically~*~*~ (water).
  2830 | D:3      | 2830 ||| Stepping ~*~*~tactically~*~*~ (water).
  2832 | D:3      | 2832 ||| Stepping ~*~*~tactically~*~*~ (water).
  2843 | D:3      | 2843 ||| Stepping ~*~*~tactically~*~*~ (water).
  2845 | D:3      | 2845 ||| Stepping ~*~*~tactically~*~*~ (water).
  2847 | D:3      | 2847 ||| Stepping ~*~*~tactically~*~*~ (water).
  2849 | D:3      | 2849 ||| Stepping ~*~*~tactically~*~*~ (water).
  2851 | D:3      | 2851 ||| Stepping ~*~*~tactically~*~*~ (water).
  2853 | D:3      | 2853 ||| Stepping ~*~*~tactically~*~*~ (water).
  2855 | D:3      | 2855 ||| Stepping ~*~*~tactically~*~*~ (water).
  2857 | D:3      | 2857 ||| Stepping ~*~*~tactically~*~*~ (water).
  2859 | D:3      | 2859 ||| Stepping ~*~*~tactically~*~*~ (water).
  2861 | D:3      | 2861 ||| Stepping ~*~*~tactically~*~*~ (water).
  2863 | D:3      | 2863 ||| Stepping ~*~*~tactically~*~*~ (water).
  2865 | D:3      | 2865 ||| Stepping ~*~*~tactically~*~*~ (water).
  2867 | D:3      | 2867 ||| Stepping ~*~*~tactically~*~*~ (water).
  2869 | D:3      | 2869 ||| Stepping ~*~*~tactically~*~*~ (water).
  2871 | D:3      | 2871 ||| Stepping ~*~*~tactically~*~*~ (water).
  2873 | D:3      | 2873 ||| Stepping ~*~*~tactically~*~*~ (water).
  2875 | D:3      | 2875 ||| Stepping ~*~*~tactically~*~*~ (water).
  2877 | D:3      | 2877 ||| Stepping ~*~*~tactically~*~*~ (water).
  2879 | D:3      | 2879 ||| Stepping ~*~*~tactically~*~*~ (water).
  2881 | D:3      | 2881 ||| Stepping ~*~*~tactically~*~*~ (water).
  2883 | D:3      | 2883 ||| Stepping ~*~*~tactically~*~*~ (water).
  2885 | D:3      | 2885 ||| Stepping ~*~*~tactically~*~*~ (water).
  2887 | D:3      | 2887 ||| Stepping ~*~*~tactically~*~*~ (water).
  2889 | D:3      | 2889 ||| Stepping ~*~*~tactically~*~*~ (water).
  2891 | D:3      | 2891 ||| Stepping ~*~*~tactically~*~*~ (water).
  2893 | D:3      | 2893 ||| Stepping ~*~*~tactically~*~*~ (water).
  2895 | D:3      | 2895 ||| Stepping ~*~*~tactically~*~*~ (water).
  2897 | D:3      | 2897 ||| Stepping ~*~*~tactically~*~*~ (water).
  2899 | D:3      | 2899 ||| Stepping ~*~*~tactically~*~*~ (water).
  2901 | D:3      | 2901 ||| Stepping ~*~*~tactically~*~*~ (water).
  2903 | D:3      | 2903 ||| Stepping ~*~*~tactically~*~*~ (water).
  2905 | D:3      | 2905 ||| Stepping ~*~*~tactically~*~*~ (water).
  2907 | D:3      | 2907 ||| Stepping ~*~*~tactically~*~*~ (water).
  2909 | D:3      | 2909 ||| Stepping ~*~*~tactically~*~*~ (water).
  2911 | D:3      | 2911 ||| Stepping ~*~*~tactically~*~*~ (water).
  2913 | D:3      | 2913 ||| Stepping ~*~*~tactically~*~*~ (water).
  2915 | D:3      | 2915 ||| Stepping ~*~*~tactically~*~*~ (water).
  2917 | D:3      | 2917 ||| Stepping ~*~*~tactically~*~*~ (water).
  2919 | D:3      | 2919 ||| Stepping ~*~*~tactically~*~*~ (water).
  2921 | D:3      | 2921 ||| Stepping ~*~*~tactically~*~*~ (water).
  2927 | D:3      | 2927 ||| Stepping ~*~*~tactically~*~*~ (water).
  2931 | D:3      | 2931 ||| Stepping ~*~*~tactically~*~*~ (water).
  2933 | D:3      | 2933 ||| Stepping ~*~*~tactically~*~*~ (water).
  2935 | D:3      | 2935 ||| Stepping ~*~*~tactically~*~*~ (water).
  2937 | D:3      | 2937 ||| Stepping ~*~*~tactically~*~*~ (water).
  2939 | D:3      | 2939 ||| Stepping ~*~*~tactically~*~*~ (water).
  2941 | D:3      | 2941 ||| Stepping ~*~*~tactically~*~*~ (water).
  2943 | D:3      | 2943 ||| Stepping ~*~*~tactically~*~*~ (water).
  2945 | D:3      | 2945 ||| Stepping ~*~*~tactically~*~*~ (water).
  2947 | D:3      | 2947 ||| Stepping ~*~*~tactically~*~*~ (water).
  2971 | D:3      | 2971 ||| Stepping ~*~*~tactically~*~*~ (water).
  2973 | D:3      | 2973 ||| Stepping ~*~*~tactically~*~*~ (water).
  2975 | D:3      | 2975 ||| Stepping ~*~*~tactically~*~*~ (water).
  2978 | D:3      | 2978 ||| Stepping ~*~*~tactically~*~*~ (water).
  2980 | D:3      | 2980 ||| Stepping ~*~*~tactically~*~*~ (water).
  2982 | D:3      | 2982 ||| Stepping ~*~*~tactically~*~*~ (water).
  2984 | D:3      | 2984 ||| Stepping ~*~*~tactically~*~*~ (water).
  2986 | D:3      | 2986 ||| Stepping ~*~*~tactically~*~*~ (water).
  2988 | D:3      | 2988 ||| Stepping ~*~*~tactically~*~*~ (water).
  2990 | D:3      | 2990 ||| Stepping ~*~*~tactically~*~*~ (water).
  2992 | D:3      | 2992 ||| Stepping ~*~*~tactically~*~*~ (water).
  2994 | D:3      | 2994 ||| Stepping ~*~*~tactically~*~*~ (water).
  2996 | D:3      | 2996 ||| Stepping ~*~*~tactically~*~*~ (water).
  3017 | D:3      | 3017 ||| Stepping ~*~*~tactically~*~*~ (water).
  3019 | D:3      | 3019 ||| Stepping ~*~*~tactically~*~*~ (water).
  3021 | D:3      | 3021 ||| Stepping ~*~*~tactically~*~*~ (water).
  3023 | D:3      | 3023 ||| Stepping ~*~*~tactically~*~*~ (water).
  3025 | D:3      | 3025 ||| Stepping ~*~*~tactically~*~*~ (water).
  3027 | D:3      | 3027 ||| Stepping ~*~*~tactically~*~*~ (water).
  3029 | D:3      | 3029 ||| Stepping ~*~*~tactically~*~*~ (water).
  3031 | D:3      | 3031 ||| Stepping ~*~*~tactically~*~*~ (water).
  3033 | D:3      | 3033 ||| Stepping ~*~*~tactically~*~*~ (water).
  3035 | D:3      | 3035 ||| Stepping ~*~*~tactically~*~*~ (water).
  3037 | D:3      | 3037 ||| Stepping ~*~*~tactically~*~*~ (water).
  3039 | D:3      | 3039 ||| Stepping ~*~*~tactically~*~*~ (water).
  3041 | D:3      | 3041 ||| Stepping ~*~*~tactically~*~*~ (water).
  3043 | D:3      | 3043 ||| Stepping ~*~*~tactically~*~*~ (water).
  3045 | D:3      | 3045 ||| Stepping ~*~*~tactically~*~*~ (water).
  3047 | D:3      | 3047 ||| Stepping ~*~*~tactically~*~*~ (water).
  3049 | D:3      | 3049 ||| Stepping ~*~*~tactically~*~*~ (water).
  3051 | D:3      | 3051 ||| Stepping ~*~*~tactically~*~*~ (water).
  3053 | D:3      | 3053 ||| Stepping ~*~*~tactically~*~*~ (water).
  3056 | D:3      | 3056 ||| Stepping ~*~*~tactically~*~*~ (water).
  3058 | D:3      | 3058 ||| Stepping ~*~*~tactically~*~*~ (water).
  3060 | D:3      | 3060 ||| Stepping ~*~*~tactically~*~*~ (water).
  3062 | D:3      | 3062 ||| Stepping ~*~*~tactically~*~*~ (water).
  3064 | D:3      | 3064 ||| Stepping ~*~*~tactically~*~*~ (water).
  3066 | D:3      | 3066 ||| Stepping ~*~*~tactically~*~*~ (water).
  3068 | D:3      | 3068 ||| Stepping ~*~*~tactically~*~*~ (water).
  3070 | D:3      | 3070 ||| Stepping ~*~*~tactically~*~*~ (water).
  3072 | D:3      | 3072 ||| Stepping ~*~*~tactically~*~*~ (water).
  3074 | D:3      | 3074 ||| Stepping ~*~*~tactically~*~*~ (water).
  3076 | D:3      | 3076 ||| Stepping ~*~*~tactically~*~*~ (water).
  3078 | D:3      | 3078 ||| Stepping ~*~*~tactically~*~*~ (water).
  3086 | D:3      | 3086 ||| Stepping ~*~*~tactically~*~*~ (water).
  3088 | D:3      | 3088 ||| Stepping ~*~*~tactically~*~*~ (water).
  3090 | D:3      | 3090 ||| Stepping ~*~*~tactically~*~*~ (water).
  3093 | D:3      | 3093 ||| Stepping ~*~*~tactically~*~*~ (water).
  3095 | D:3      | 3095 ||| Stepping ~*~*~tactically~*~*~ (water).
  3097 | D:3      | 3097 ||| Stepping ~*~*~tactically~*~*~ (water).
  3099 | D:3      | 3099 ||| Stepping ~*~*~tactically~*~*~ (water).
  3101 | D:3      | 3101 ||| Stepping ~*~*~tactically~*~*~ (water).
  3103 | D:3      | 3103 ||| Stepping ~*~*~tactically~*~*~ (water).
  3105 | D:3      | 3105 ||| Stepping ~*~*~tactically~*~*~ (water).
  3107 | D:3      | 3107 ||| Stepping ~*~*~tactically~*~*~ (water).
  3109 | D:3      | 3109 ||| Stepping ~*~*~tactically~*~*~ (water).
  3111 | D:3      | 3111 ||| Stepping ~*~*~tactically~*~*~ (water).
  3113 | D:3      | 3113 ||| Stepping ~*~*~tactically~*~*~ (water).
  3115 | D:3      | 3115 ||| Stepping ~*~*~tactically~*~*~ (water).
  3117 | D:3      | 3117 ||| Stepping ~*~*~tactically~*~*~ (water).
  3119 | D:3      | 3119 ||| Stepping ~*~*~tactically~*~*~ (water).
  3121 | D:3      | 3121 ||| Stepping ~*~*~tactically~*~*~ (water).
  3123 | D:3      | 3123 ||| Stepping ~*~*~tactically~*~*~ (water).
  3125 | D:3      | 3125 ||| Stepping ~*~*~tactically~*~*~ (water).
  3127 | D:3      | 3127 ||| Stepping ~*~*~tactically~*~*~ (water).
  3129 | D:3      | 3129 ||| Stepping ~*~*~tactically~*~*~ (water).
  3131 | D:3      | 3131 ||| Stepping ~*~*~tactically~*~*~ (water).
  3133 | D:3      | 3133 ||| Stepping ~*~*~tactically~*~*~ (water).
  3135 | D:3      | 3135 ||| Stepping ~*~*~tactically~*~*~ (water).
  3150 | D:3      | 3150 ||| Stepping ~*~*~tactically~*~*~ (water).
  3152 | D:3      | 3152 ||| Stepping ~*~*~tactically~*~*~ (water).
  3154 | D:3      | 3154 ||| Stepping ~*~*~tactically~*~*~ (water).
  3165 | D:3      | 3165 ||| Stepping ~*~*~tactically~*~*~ (water).
  3167 | D:3      | 3167 ||| Stepping ~*~*~tactically~*~*~ (water).
  3172 | D:3      | 3172 ||| Stepping ~*~*~tactically~*~*~ (water).
  3174 | D:3      | 3174 ||| Stepping ~*~*~tactically~*~*~ (water).
  3176 | D:3      | 3176 ||| Stepping ~*~*~tactically~*~*~ (water).
  3178 | D:3      | 3178 ||| Stepping ~*~*~tactically~*~*~ (water).
  3180 | D:3      | 3180 ||| Stepping ~*~*~tactically~*~*~ (water).
  3182 | D:3      | 3182 ||| Stepping ~*~*~tactically~*~*~ (water).
  3184 | D:3      | 3184 ||| Stepping ~*~*~tactically~*~*~ (water).
  3186 | D:3      | 3186 ||| Stepping ~*~*~tactically~*~*~ (water).
  3188 | D:3      | 3188 ||| Stepping ~*~*~tactically~*~*~ (water).
  3190 | D:3      | 3190 ||| Stepping ~*~*~tactically~*~*~ (water).
  3192 | D:3      | 3192 ||| Stepping ~*~*~tactically~*~*~ (water).
  3199 | D:3      | 3199 ||| Stepping ~*~*~tactically~*~*~ (water).
  3201 | D:3      | 3201 ||| Stepping ~*~*~tactically~*~*~ (water).
  3203 | D:3      | 3203 ||| Stepping ~*~*~tactically~*~*~ (water).
  3205 | D:3      | 3205 ||| Stepping ~*~*~tactically~*~*~ (water).
  3207 | D:3      | 3207 ||| Stepping ~*~*~tactically~*~*~ (water).
  3209 | D:3      | 3209 ||| Stepping ~*~*~tactically~*~*~ (water).
  3211 | D:3      | 3211 ||| Stepping ~*~*~tactically~*~*~ (water).
  3213 | D:3      | 3213 ||| Stepping ~*~*~tactically~*~*~ (water).
  3215 | D:3      | 3215 ||| Stepping ~*~*~tactically~*~*~ (water).
  3217 | D:3      | 3217 ||| Stepping ~*~*~tactically~*~*~ (water).
  3219 | D:3      | 3219 ||| Stepping ~*~*~tactically~*~*~ (water).
  3221 | D:3      | 3221 ||| Stepping ~*~*~tactically~*~*~ (water).
  3223 | D:3      | 3223 ||| Stepping ~*~*~tactically~*~*~ (water).
  3225 | D:3      | 3225 ||| Stepping ~*~*~tactically~*~*~ (water).
  3227 | D:3      | 3227 ||| Stepping ~*~*~tactically~*~*~ (water).
  3229 | D:3      | 3229 ||| Stepping ~*~*~tactically~*~*~ (water).
  3231 | D:3      | 3231 ||| Stepping ~*~*~tactically~*~*~ (water).
  3233 | D:3      | 3233 ||| Stepping ~*~*~tactically~*~*~ (water).
  3251 | D:3      | 3251 ||| Stepping ~*~*~tactically~*~*~ (water).
  3253 | D:3      | 3253 ||| Stepping ~*~*~tactically~*~*~ (water).
  3255 | D:3      | 3255 ||| Stepping ~*~*~tactically~*~*~ (water).
  3257 | D:3      | 3257 ||| Stepping ~*~*~tactically~*~*~ (water).
  3259 | D:3      | 3259 ||| Stepping ~*~*~tactically~*~*~ (water).
  3261 | D:3      | 3261 ||| Stepping ~*~*~tactically~*~*~ (water).
  3263 | D:3      | 3263 ||| Stepping ~*~*~tactically~*~*~ (water).
  3265 | D:3      | 3265 ||| Stepping ~*~*~tactically~*~*~ (water).
  3267 | D:3      | 3267 ||| Stepping ~*~*~tactically~*~*~ (water).
  3269 | D:3      | 3269 ||| Stepping ~*~*~tactically~*~*~ (water).
  3271 | D:3      | 3271 ||| Stepping ~*~*~tactically~*~*~ (water).
  3273 | D:3      | 3273 ||| Stepping ~*~*~tactically~*~*~ (water).
  3275 | D:3      | 3275 ||| Stepping ~*~*~tactically~*~*~ (water).
  3277 | D:3      | 3277 ||| Stepping ~*~*~tactically~*~*~ (water).
  3279 | D:3      | 3279 ||| Stepping ~*~*~tactically~*~*~ (water).
  3281 | D:3      | 3281 ||| Stepping ~*~*~tactically~*~*~ (water).
  3283 | D:3      | 3283 ||| Stepping ~*~*~tactically~*~*~ (water).
  3285 | D:3      | 3285 ||| Stepping ~*~*~tactically~*~*~ (water).
  3287 | D:3      | 3287 ||| Stepping ~*~*~tactically~*~*~ (water).
  3289 | D:3      | 3289 ||| Stepping ~*~*~tactically~*~*~ (water).
  3291 | D:3      | 3291 ||| Stepping ~*~*~tactically~*~*~ (water).
  3293 | D:3      | 3293 ||| Stepping ~*~*~tactically~*~*~ (water).
  3295 | D:3      | 3295 ||| Stepping ~*~*~tactically~*~*~ (water).
  3297 | D:3      | 3297 ||| Stepping ~*~*~tactically~*~*~ (water).
  3299 | D:3      | 3299 ||| Stepping ~*~*~tactically~*~*~ (water).
  3301 | D:3      | 3301 ||| Stepping ~*~*~tactically~*~*~ (water).
  3303 | D:3      | 3303 ||| Stepping ~*~*~tactically~*~*~ (water).
  3305 | D:3      | 3305 ||| Stepping ~*~*~tactically~*~*~ (water).
  3307 | D:3      | 3307 ||| Stepping ~*~*~tactically~*~*~ (water).
  3317 | D:3      | 3317 ||| Stepping ~*~*~tactically~*~*~ (water).
  3319 | D:3      | 3319 ||| Stepping ~*~*~tactically~*~*~ (water).
  3321 | D:3      | 3321 ||| Stepping ~*~*~tactically~*~*~ (water).
  3323 | D:3      | 3323 ||| Stepping ~*~*~tactically~*~*~ (water).
  3325 | D:3      | 3325 ||| Stepping ~*~*~tactically~*~*~ (water).
  3327 | D:3      | 3327 ||| Stepping ~*~*~tactically~*~*~ (water).
  3334 | D:3      | 3334 ||| Stepping ~*~*~tactically~*~*~ (water).
  3346 | D:3      | 3346 ||| Stepping ~*~*~tactically~*~*~ (water).
  3348 | D:3      | 3348 ||| Stepping ~*~*~tactically~*~*~ (water).
  3350 | D:3      | 3350 ||| Stepping ~*~*~tactically~*~*~ (water).
  3352 | D:3      | 3352 ||| Stepping ~*~*~tactically~*~*~ (water).
  3354 | D:3      | 3354 ||| Stepping ~*~*~tactically~*~*~ (water).
  3356 | D:3      | 3356 ||| Stepping ~*~*~tactically~*~*~ (water).
  3358 | D:3      | 3358 ||| Stepping ~*~*~tactically~*~*~ (water).
  3360 | D:3      | 3360 ||| Stepping ~*~*~tactically~*~*~ (water).
  3362 | D:3      | 3362 ||| Stepping ~*~*~tactically~*~*~ (water).
  3364 | D:3      | 3364 ||| Stepping ~*~*~tactically~*~*~ (water).
  3366 | D:3      | 3366 ||| Stepping ~*~*~tactically~*~*~ (water).
  3368 | D:3      | 3368 ||| Stepping ~*~*~tactically~*~*~ (water).
  3370 | D:3      | 3370 ||| Stepping ~*~*~tactically~*~*~ (water).
  3372 | D:3      | 3372 ||| Stepping ~*~*~tactically~*~*~ (water).
  3374 | D:3      | 3374 ||| Stepping ~*~*~tactically~*~*~ (water).
  3376 | D:3      | 3376 ||| Stepping ~*~*~tactically~*~*~ (water).
  3378 | D:3      | 3378 ||| Stepping ~*~*~tactically~*~*~ (water).
  3380 | D:3      | 3380 ||| Stepping ~*~*~tactically~*~*~ (water).
  3382 | D:3      | 3382 ||| Stepping ~*~*~tactically~*~*~ (water).
  3384 | D:3      | 3384 ||| Stepping ~*~*~tactically~*~*~ (water).
  3386 | D:3      | 3386 ||| Stepping ~*~*~tactically~*~*~ (water).
  3392 | D:3      | 3392 ||| Stepping ~*~*~tactically~*~*~ (water).
  3394 | D:3      | 3394 ||| Stepping ~*~*~tactically~*~*~ (water).
  3396 | D:3      | 3396 ||| Stepping ~*~*~tactically~*~*~ (water).
  3398 | D:3      | 3398 ||| Stepping ~*~*~tactically~*~*~ (water).
  3418 | D:3      | 3418 ||| Stepping ~*~*~tactically~*~*~ (water).
  3420 | D:3      | 3420 ||| Stepping ~*~*~tactically~*~*~ (water).
  3422 | D:3      | 3422 ||| Stepping ~*~*~tactically~*~*~ (water).
  3424 | D:3      | 3424 ||| Stepping ~*~*~tactically~*~*~ (water).
  3426 | D:3      | 3426 ||| Stepping ~*~*~tactically~*~*~ (water).
  3428 | D:3      | 3428 ||| Stepping ~*~*~tactically~*~*~ (water).
  3430 | D:3      | 3430 ||| Stepping ~*~*~tactically~*~*~ (water).
  3432 | D:3      | 3432 ||| Stepping ~*~*~tactically~*~*~ (water).
  3434 | D:3      | 3434 ||| Stepping ~*~*~tactically~*~*~ (water).
  3436 | D:3      | 3436 ||| Stepping ~*~*~tactically~*~*~ (water).
  3438 | D:3      | 3438 ||| Stepping ~*~*~tactically~*~*~ (water).
  3440 | D:3      | 3440 ||| Stepping ~*~*~tactically~*~*~ (water).
  3442 | D:3      | 3442 ||| Stepping ~*~*~tactically~*~*~ (water).
  3444 | D:3      | 3444 ||| Stepping ~*~*~tactically~*~*~ (water).
  3446 | D:3      | 3446 ||| Stepping ~*~*~tactically~*~*~ (water).
  3448 | D:3      | 3448 ||| Stepping ~*~*~tactically~*~*~ (water).
  3450 | D:3      | 3450 ||| Stepping ~*~*~tactically~*~*~ (water).
  3452 | D:3      | 3452 ||| Stepping ~*~*~tactically~*~*~ (water).
  3454 | D:3      | 3454 ||| Stepping ~*~*~tactically~*~*~ (water).
  3456 | D:3      | 3456 ||| Stepping ~*~*~tactically~*~*~ (water).
  3465 | D:3      | 3465 ||| Stepping ~*~*~tactically~*~*~ (water).
  3467 | D:3      | 3467 ||| Stepping ~*~*~tactically~*~*~ (water).
  3469 | D:3      | 3469 ||| Stepping ~*~*~tactically~*~*~ (water).
  3471 | D:3      | 3471 ||| Stepping ~*~*~tactically~*~*~ (water).
  3473 | D:3      | 3473 ||| Stepping ~*~*~tactically~*~*~ (water).
  3495 | D:3      | 3495 ||| Stepping ~*~*~tactically~*~*~ (water).
  3497 | D:3      | 3497 ||| Stepping ~*~*~tactically~*~*~ (water).
  3499 | D:3      | 3499 ||| Stepping ~*~*~tactically~*~*~ (water).
  3501 | D:3      | 3501 ||| Stepping ~*~*~tactically~*~*~ (water).
  3503 | D:3      | 3503 ||| Stepping ~*~*~tactically~*~*~ (water).
  3505 | D:3      | 3505 ||| Stepping ~*~*~tactically~*~*~ (water).
  3521 | D:3      | 3521 ||| Stepping ~*~*~tactically~*~*~ (water).
  3545 | D:3      | 3545 ||| Stepping ~*~*~tactically~*~*~ (water).
  3547 | D:3      | 3547 ||| Stepping ~*~*~tactically~*~*~ (water).
  3569 | D:3      | 3569 ||| Stepping ~*~*~tactically~*~*~ (water).
  3571 | D:3      | 3571 ||| Stepping ~*~*~tactically~*~*~ (water).
  3573 | D:3      | 3573 ||| Stepping ~*~*~tactically~*~*~ (water).
  3579 | D:3      | 3579 ||| Stepping ~*~*~tactically~*~*~ (water).
  3581 | D:3      | 3581 ||| Stepping ~*~*~tactically~*~*~ (water).
  3583 | D:3      | 3583 ||| Stepping ~*~*~tactically~*~*~ (water).
  3585 | D:3      | 3585 ||| Stepping ~*~*~tactically~*~*~ (water).
  3587 | D:3      | 3587 ||| Stepping ~*~*~tactically~*~*~ (water).
  3589 | D:3      | 3589 ||| Stepping ~*~*~tactically~*~*~ (water).
  3591 | D:3      | 3591 ||| Stepping ~*~*~tactically~*~*~ (water).
  3593 | D:3      | 3593 ||| Stepping ~*~*~tactically~*~*~ (water).
  3595 | D:3      | 3595 ||| Stepping ~*~*~tactically~*~*~ (water).
  3607 | D:3      | 3607 ||| Stepping ~*~*~tactically~*~*~ (water).
  3609 | D:3      | 3609 ||| Stepping ~*~*~tactically~*~*~ (water).
  3611 | D:3      | 3611 ||| Stepping ~*~*~tactically~*~*~ (water).
  3613 | D:3      | 3613 ||| Stepping ~*~*~tactically~*~*~ (water).
  3615 | D:3      | 3615 ||| Stepping ~*~*~tactically~*~*~ (water).
  3617 | D:3      | 3617 ||| Stepping ~*~*~tactically~*~*~ (water).
  3619 | D:3      | 3619 ||| Stepping ~*~*~tactically~*~*~ (water).
  3621 | D:3      | 3621 ||| Stepping ~*~*~tactically~*~*~ (water).
  3623 | D:3      | 3623 ||| Stepping ~*~*~tactically~*~*~ (water).
  3627 | D:3      | 3627 ||| Stepping ~*~*~tactically~*~*~ (water).
  3629 | D:3      | 3629 ||| Stepping ~*~*~tactically~*~*~ (water).
  3631 | D:3      | 3631 ||| Stepping ~*~*~tactically~*~*~ (water).
  3633 | D:3      | 3633 ||| Stepping ~*~*~tactically~*~*~ (water).
  3635 | D:3      | 3635 ||| Stepping ~*~*~tactically~*~*~ (water).
  3637 | D:3      | 3637 ||| Stepping ~*~*~tactically~*~*~ (water).
  3639 | D:3      | 3639 ||| Stepping ~*~*~tactically~*~*~ (water).
  3641 | D:3      | 3641 ||| Stepping ~*~*~tactically~*~*~ (water).
  3643 | D:3      | 3643 ||| Stepping ~*~*~tactically~*~*~ (water).
  3645 | D:3      | 3645 ||| Stepping ~*~*~tactically~*~*~ (water).
  3647 | D:3      | 3647 ||| Stepping ~*~*~tactically~*~*~ (water).
  3649 | D:3      | 3649 ||| Stepping ~*~*~tactically~*~*~ (water).
  3651 | D:3      | 3651 ||| Stepping ~*~*~tactically~*~*~ (water).
  3653 | D:3      | 3653 ||| Stepping ~*~*~tactically~*~*~ (water).
  3655 | D:3      | 3655 ||| Stepping ~*~*~tactically~*~*~ (water).
  3657 | D:3      | 3657 ||| Stepping ~*~*~tactically~*~*~ (water).
  3659 | D:3      | 3659 ||| Stepping ~*~*~tactically~*~*~ (water).
  3661 | D:3      | 3661 ||| Stepping ~*~*~tactically~*~*~ (water).
  3663 | D:3      | 3663 ||| Stepping ~*~*~tactically~*~*~ (water).
  3665 | D:3      | 3665 ||| Stepping ~*~*~tactically~*~*~ (water).
  3667 | D:3      | 3667 ||| Stepping ~*~*~tactically~*~*~ (water).
  3669 | D:3      | 3669 ||| Stepping ~*~*~tactically~*~*~ (water).
  3671 | D:3      | 3671 ||| Stepping ~*~*~tactically~*~*~ (water).
  3673 | D:3      | 3673 ||| Stepping ~*~*~tactically~*~*~ (water).
  3675 | D:3      | 3675 ||| Stepping ~*~*~tactically~*~*~ (water).
  3679 | D:3      | 3679 ||| Stepping ~*~*~tactically~*~*~ (water).
  3681 | D:3      | 3681 ||| Stepping ~*~*~tactically~*~*~ (water).
  3683 | D:3      | 3683 ||| Stepping ~*~*~tactically~*~*~ (water).
  3685 | D:3      | 3685 ||| Stepping ~*~*~tactically~*~*~ (water).
  3687 | D:3      | 3687 ||| Stepping ~*~*~tactically~*~*~ (water).
  3689 | D:3      | 3689 ||| Stepping ~*~*~tactically~*~*~ (water).
  3691 | D:3      | 3691 ||| Stepping ~*~*~tactically~*~*~ (water).
  3693 | D:3      | 3693 ||| Stepping ~*~*~tactically~*~*~ (water).
  3695 | D:3      | 3695 ||| Stepping ~*~*~tactically~*~*~ (water).
  3697 | D:3      | 3697 ||| Stepping ~*~*~tactically~*~*~ (water).
  3699 | D:3      | 3699 ||| Stepping ~*~*~tactically~*~*~ (water).
  3701 | D:3      | 3701 ||| Stepping ~*~*~tactically~*~*~ (water).
  3703 | D:3      | 3703 ||| Stepping ~*~*~tactically~*~*~ (water).
  3705 | D:3      | 3705 ||| Stepping ~*~*~tactically~*~*~ (water).
  3707 | D:3      | 3707 ||| Stepping ~*~*~tactically~*~*~ (water).
  3709 | D:3      | 3709 ||| Stepping ~*~*~tactically~*~*~ (water).
  3711 | D:3      | 3711 ||| Stepping ~*~*~tactically~*~*~ (water).
  3713 | D:3      | 3713 ||| Stepping ~*~*~tactically~*~*~ (water).
  3715 | D:3      | 3715 ||| Stepping ~*~*~tactically~*~*~ (water).
  3717 | D:3      | 3717 ||| Stepping ~*~*~tactically~*~*~ (water).
  3719 | D:3      | 3719 ||| Stepping ~*~*~tactically~*~*~ (water).
  3721 | D:3      | 3721 ||| Stepping ~*~*~tactically~*~*~ (water).
  3723 | D:3      | 3723 ||| Stepping ~*~*~tactically~*~*~ (water).
  3740 | D:3      | 3740 ||| Stepping ~*~*~tactically~*~*~ (water).
  3742 | D:3      | 3742 ||| Stepping ~*~*~tactically~*~*~ (water).
  3744 | D:3      | 3744 ||| Stepping ~*~*~tactically~*~*~ (water).
  3746 | D:3      | 3746 ||| Stepping ~*~*~tactically~*~*~ (water).
  3748 | D:3      | 3748 ||| Stepping ~*~*~tactically~*~*~ (water).
  3750 | D:3      | 3750 ||| Stepping ~*~*~tactically~*~*~ (water).
  3752 | D:3      | 3752 ||| Stepping ~*~*~tactically~*~*~ (water).
  3754 | D:3      | 3754 ||| Stepping ~*~*~tactically~*~*~ (water).
  3756 | D:3      | 3756 ||| Stepping ~*~*~tactically~*~*~ (water).
  3758 | D:3      | 3758 ||| Stepping ~*~*~tactically~*~*~ (water).
  3760 | D:3      | 3760 ||| Stepping ~*~*~tactically~*~*~ (water).
  3762 | D:3      | 3762 ||| Stepping ~*~*~tactically~*~*~ (water).
  3764 | D:3      | 3764 ||| Stepping ~*~*~tactically~*~*~ (water).
  3766 | D:3      | 3766 ||| Stepping ~*~*~tactically~*~*~ (water).
  3768 | D:3      | 3768 ||| Stepping ~*~*~tactically~*~*~ (water).
  3770 | D:3      | 3770 ||| Stepping ~*~*~tactically~*~*~ (water).
  3772 | D:3      | 3772 ||| Stepping ~*~*~tactically~*~*~ (water).
  3774 | D:3      | 3774 ||| Stepping ~*~*~tactically~*~*~ (water).
  3776 | D:3      | 3776 ||| Stepping ~*~*~tactically~*~*~ (water).
  3778 | D:3      | 3778 ||| Stepping ~*~*~tactically~*~*~ (water).
  3795 | D:3      | 3795 ||| Stepping ~*~*~tactically~*~*~ (water).
  3797 | D:3      | 3797 ||| Stepping ~*~*~tactically~*~*~ (water).
  3799 | D:3      | 3799 ||| Stepping ~*~*~tactically~*~*~ (water).
  3809 | D:3      | 3809 ||| Stepping ~*~*~tactically~*~*~ (water).
  3811 | D:3      | 3811 ||| Stepping ~*~*~tactically~*~*~ (water).
  3813 | D:3      | 3813 ||| Stepping ~*~*~tactically~*~*~ (water).
  3815 | D:3      | 3815 ||| Stepping ~*~*~tactically~*~*~ (water).
  3817 | D:3      | 3817 ||| Stepping ~*~*~tactically~*~*~ (water).
  3819 | D:3      | 3819 ||| Stepping ~*~*~tactically~*~*~ (water).
  3821 | D:3      | 3821 ||| Stepping ~*~*~tactically~*~*~ (water).
  3823 | D:3      | 3823 ||| Stepping ~*~*~tactically~*~*~ (water).
  3825 | D:3      | 3825 ||| Stepping ~*~*~tactically~*~*~ (water).
  3827 | D:3      | 3827 ||| Stepping ~*~*~tactically~*~*~ (water).
  3829 | D:3      | 3829 ||| Stepping ~*~*~tactically~*~*~ (water).
  3831 | D:3      | 3831 ||| Stepping ~*~*~tactically~*~*~ (water).
  3833 | D:3      | 3833 ||| Stepping ~*~*~tactically~*~*~ (water).
  3835 | D:3      | 3835 ||| Stepping ~*~*~tactically~*~*~ (water).
  3837 | D:3      | 3837 ||| Stepping ~*~*~tactically~*~*~ (water).
  3839 | D:3      | 3839 ||| Stepping ~*~*~tactically~*~*~ (water).
  3841 | D:3      | 3841 ||| Stepping ~*~*~tactically~*~*~ (water).
  3843 | D:3      | 3843 ||| Stepping ~*~*~tactically~*~*~ (water).
  3845 | D:3      | 3845 ||| Stepping ~*~*~tactically~*~*~ (water).
  3847 | D:3      | 3847 ||| Stepping ~*~*~tactically~*~*~ (water).
  3849 | D:3      | 3849 ||| Stepping ~*~*~tactically~*~*~ (water).
  3851 | D:3      | 3851 ||| Stepping ~*~*~tactically~*~*~ (water).
  3853 | D:3      | 3853 ||| Stepping ~*~*~tactically~*~*~ (water).
  3855 | D:3      | 3855 ||| Stepping ~*~*~tactically~*~*~ (water).
  3857 | D:3      | 3857 ||| Stepping ~*~*~tactically~*~*~ (water).
  3859 | D:3      | 3859 ||| Stepping ~*~*~tactically~*~*~ (water).
  3861 | D:3      | 3861 ||| Stepping ~*~*~tactically~*~*~ (water).
  3863 | D:3      | 3863 ||| Stepping ~*~*~tactically~*~*~ (water).
  3865 | D:3      | 3865 ||| Stepping ~*~*~tactically~*~*~ (water).
  3867 | D:3      | 3867 ||| Stepping ~*~*~tactically~*~*~ (water).
  3869 | D:3      | 3869 ||| Stepping ~*~*~tactically~*~*~ (water).
  3871 | D:3      | 3871 ||| Stepping ~*~*~tactically~*~*~ (water).
  3873 | D:3      | 3873 ||| Stepping ~*~*~tactically~*~*~ (water).
  3875 | D:3      | 3875 ||| Stepping ~*~*~tactically~*~*~ (water).
  3877 | D:3      | 3877 ||| Stepping ~*~*~tactically~*~*~ (water).
  3879 | D:3      | 3879 ||| Stepping ~*~*~tactically~*~*~ (water).
  3881 | D:3      | 3881 ||| Stepping ~*~*~tactically~*~*~ (water).
  3883 | D:3      | 3883 ||| Stepping ~*~*~tactically~*~*~ (water).
  3885 | D:3      | 3885 ||| Stepping ~*~*~tactically~*~*~ (water).
  3887 | D:3      | 3887 ||| Stepping ~*~*~tactically~*~*~ (water).
  3889 | D:3      | 3889 ||| Stepping ~*~*~tactically~*~*~ (water).
  3891 | D:3      | 3891 ||| Stepping ~*~*~tactically~*~*~ (water).
  3893 | D:3      | 3893 ||| Stepping ~*~*~tactically~*~*~ (water).
  3895 | D:3      | 3895 ||| Stepping ~*~*~tactically~*~*~ (water).
  3897 | D:3      | 3897 ||| Stepping ~*~*~tactically~*~*~ (water).
  3903 | D:3      | 3903 ||| Stepping ~*~*~tactically~*~*~ (water).
  3905 | D:3      | 3905 ||| Stepping ~*~*~tactically~*~*~ (water).
  3907 | D:3      | 3907 ||| Stepping ~*~*~tactically~*~*~ (water).
  3909 | D:3      | 3909 ||| Stepping ~*~*~tactically~*~*~ (water).
  3911 | D:3      | 3911 ||| Stepping ~*~*~tactically~*~*~ (water).
  3913 | D:3      | 3913 ||| Stepping ~*~*~tactically~*~*~ (water).
  3915 | D:3      | 3915 ||| Stepping ~*~*~tactically~*~*~ (water).
  3917 | D:3      | 3917 ||| Stepping ~*~*~tactically~*~*~ (water).
  3919 | D:3      | 3919 ||| Stepping ~*~*~tactically~*~*~ (water).
  3927 | D:3      | 3927 ||| Stepping ~*~*~tactically~*~*~ (water).
  3929 | D:3      | 3929 ||| Stepping ~*~*~tactically~*~*~ (water).
  3931 | D:3      | 3931 ||| Stepping ~*~*~tactically~*~*~ (water).
  3933 | D:3      | 3933 ||| Stepping ~*~*~tactically~*~*~ (water).
  3937 | D:3      | 3937 ||| Stepping ~*~*~tactically~*~*~ (water).
  3939 | D:3      | 3939 ||| Stepping ~*~*~tactically~*~*~ (water).
  3941 | D:3      | 3941 ||| Stepping ~*~*~tactically~*~*~ (water).
  3943 | D:3      | 3943 ||| Stepping ~*~*~tactically~*~*~ (water).
  3952 | D:3      | 3952 ||| Stepping ~*~*~tactically~*~*~ (water).
  3954 | D:3      | 3954 ||| Stepping ~*~*~tactically~*~*~ (water).
  3956 | D:3      | 3956 ||| Stepping ~*~*~tactically~*~*~ (water).
  3958 | D:3      | 3958 ||| Stepping ~*~*~tactically~*~*~ (water).
  3960 | D:3      | 3960 ||| Stepping ~*~*~tactically~*~*~ (water).
  3962 | D:3      | 3962 ||| Stepping ~*~*~tactically~*~*~ (water).
  3964 | D:3      | 3964 ||| Stepping ~*~*~tactically~*~*~ (water).
  3966 | D:3      | 3966 ||| Stepping ~*~*~tactically~*~*~ (water).
  3968 | D:3      | 3968 ||| Stepping ~*~*~tactically~*~*~ (water).
  3980 | D:3      | 3980 ||| Stepping ~*~*~tactically~*~*~ (water).
  3982 | D:3      | 3982 ||| Stepping ~*~*~tactically~*~*~ (water).
  3984 | D:3      | 3984 ||| Stepping ~*~*~tactically~*~*~ (water).
  3986 | D:3      | 3986 ||| Stepping ~*~*~tactically~*~*~ (water).
  3988 | D:3      | 3988 ||| Stepping ~*~*~tactically~*~*~ (water).
  3990 | D:3      | 3990 ||| Stepping ~*~*~tactically~*~*~ (water).
  3992 | D:3      | 3992 ||| Stepping ~*~*~tactically~*~*~ (water).
  3994 | D:3      | 3994 ||| Stepping ~*~*~tactically~*~*~ (water).
  3996 | D:3      | 3996 ||| Stepping ~*~*~tactically~*~*~ (water).
  3998 | D:3      | 3998 ||| Stepping ~*~*~tactically~*~*~ (water).
  4000 | D:3      | 4000 ||| Stepping ~*~*~tactically~*~*~ (water).
  4010 | D:3      | 4010 ||| Stepping ~*~*~tactically~*~*~ (water).
  4012 | D:3      | 4012 ||| Stepping ~*~*~tactically~*~*~ (water).
  4014 | D:3      | 4014 ||| Stepping ~*~*~tactically~*~*~ (water).
  4016 | D:3      | 4016 ||| Stepping ~*~*~tactically~*~*~ (water).
  4021 | D:3      | 4021 ||| Stepping ~*~*~tactically~*~*~ (water).
  4023 | D:3      | 4023 ||| Stepping ~*~*~tactically~*~*~ (water).
  4025 | D:3      | 4025 ||| Stepping ~*~*~tactically~*~*~ (water).
  4027 | D:3      | 4027 ||| Stepping ~*~*~tactically~*~*~ (water).
  4029 | D:3      | 4029 ||| Stepping ~*~*~tactically~*~*~ (water).
  4034 | D:3      | 4034 ||| Stepping ~*~*~tactically~*~*~ (water).
  4036 | D:3      | 4036 ||| Stepping ~*~*~tactically~*~*~ (water).
  4038 | D:3      | 4038 ||| Stepping ~*~*~tactically~*~*~ (water).
  4040 | D:3      | 4040 ||| Stepping ~*~*~tactically~*~*~ (water).
  4042 | D:3      | 4042 ||| Stepping ~*~*~tactically~*~*~ (water).
  4044 | D:3      | 4044 ||| Stepping ~*~*~tactically~*~*~ (water).
  4046 | D:3      | 4046 ||| Stepping ~*~*~tactically~*~*~ (water).
  4048 | D:3      | 4048 ||| Stepping ~*~*~tactically~*~*~ (water).
  4050 | D:3      | 4050 ||| Stepping ~*~*~tactically~*~*~ (water).
  4052 | D:3      | 4052 ||| Stepping ~*~*~tactically~*~*~ (water).
  4054 | D:3      | 4054 ||| Stepping ~*~*~tactically~*~*~ (water).
  4061 | D:3      | 4061 ||| Stepping ~*~*~tactically~*~*~ (water).
  4063 | D:3      | 4063 ||| Stepping ~*~*~tactically~*~*~ (water).
  4065 | D:3      | 4065 ||| Stepping ~*~*~tactically~*~*~ (water).
  4067 | D:3      | 4067 ||| Stepping ~*~*~tactically~*~*~ (water).
  4069 | D:3      | 4069 ||| Stepping ~*~*~tactically~*~*~ (water).
  4071 | D:3      | 4071 ||| Stepping ~*~*~tactically~*~*~ (water).
  4073 | D:3      | 4073 ||| Stepping ~*~*~tactically~*~*~ (water).
  4075 | D:3      | 4075 ||| Stepping ~*~*~tactically~*~*~ (water).
  4077 | D:3      | 4077 ||| Stepping ~*~*~tactically~*~*~ (water).
  4079 | D:3      | 4079 ||| Stepping ~*~*~tactically~*~*~ (water).
  4081 | D:3      | 4081 ||| Stepping ~*~*~tactically~*~*~ (water).
  4083 | D:3      | 4083 ||| Stepping ~*~*~tactically~*~*~ (water).
  4085 | D:3      | 4085 ||| Stepping ~*~*~tactically~*~*~ (water).
  4087 | D:3      | 4087 ||| Stepping ~*~*~tactically~*~*~ (water).
  4089 | D:3      | 4089 ||| Stepping ~*~*~tactically~*~*~ (water).
  4091 | D:3      | 4091 ||| Stepping ~*~*~tactically~*~*~ (water).
  4093 | D:3      | 4093 ||| Stepping ~*~*~tactically~*~*~ (water).
  4095 | D:3      | 4095 ||| Stepping ~*~*~tactically~*~*~ (water).
  4097 | D:3      | 4097 ||| Stepping ~*~*~tactically~*~*~ (water).
  4099 | D:3      | 4099 ||| Stepping ~*~*~tactically~*~*~ (water).
  4101 | D:3      | 4101 ||| Stepping ~*~*~tactically~*~*~ (water).
  4103 | D:3      | 4103 ||| Stepping ~*~*~tactically~*~*~ (water).
  4105 | D:3      | 4105 ||| Stepping ~*~*~tactically~*~*~ (water).
  4107 | D:3      | 4107 ||| Stepping ~*~*~tactically~*~*~ (water).
  4109 | D:3      | 4109 ||| Stepping ~*~*~tactically~*~*~ (water).
  4111 | D:3      | 4111 ||| Stepping ~*~*~tactically~*~*~ (water).
  4113 | D:3      | 4113 ||| Stepping ~*~*~tactically~*~*~ (water).
  4115 | D:3      | 4115 ||| Stepping ~*~*~tactically~*~*~ (water).
  4117 | D:3      | 4117 ||| Stepping ~*~*~tactically~*~*~ (water).
  4119 | D:3      | 4119 ||| Stepping ~*~*~tactically~*~*~ (water).
  4121 | D:3      | 4121 ||| Stepping ~*~*~tactically~*~*~ (water).
  4123 | D:3      | 4123 ||| Stepping ~*~*~tactically~*~*~ (water).
  4125 | D:3      | 4125 ||| Stepping ~*~*~tactically~*~*~ (water).
  4127 | D:3      | 4127 ||| Stepping ~*~*~tactically~*~*~ (water).
  4140 | D:3      | 4140 ||| Stepping ~*~*~tactically~*~*~ (water).
  4142 | D:3      | 4142 ||| Stepping ~*~*~tactically~*~*~ (water).
  4144 | D:3      | 4144 ||| Stepping ~*~*~tactically~*~*~ (water).
  4147 | D:3      | 4147 ||| Stepping ~*~*~tactically~*~*~ (water).
  4149 | D:3      | 4149 ||| Stepping ~*~*~tactically~*~*~ (water).
  4151 | D:3      | 4151 ||| Stepping ~*~*~tactically~*~*~ (water).
  4166 | D:3      | 4166 ||| Stepping ~*~*~tactically~*~*~ (water).
  4174 | D:3      | 4174 ||| Stepping ~*~*~tactically~*~*~ (water).
  4176 | D:3      | 4176 ||| Stepping ~*~*~tactically~*~*~ (water).
  4178 | D:3      | 4178 ||| Stepping ~*~*~tactically~*~*~ (water).
  4180 | D:3      | 4180 ||| Stepping ~*~*~tactically~*~*~ (water).
  4182 | D:3      | 4182 ||| Stepping ~*~*~tactically~*~*~ (water).
  4184 | D:3      | 4184 ||| Stepping ~*~*~tactically~*~*~ (water).
  4186 | D:3      | 4186 ||| Stepping ~*~*~tactically~*~*~ (water).
  4188 | D:3      | 4188 ||| Stepping ~*~*~tactically~*~*~ (water).
  4190 | D:3      | 4190 ||| Stepping ~*~*~tactically~*~*~ (water).
  4194 | D:3      | Noticed a bullfrog
  4195 | D:3      | 4195 ||| RETREEAATING.
  4204 | D:3      | Killed a bullfrog
  4205 | D:3      | Reached XP level 5. HP: 19/32 MP: 5/5
  4210 | D:3      | 4210 ||| FLEEEEING.
  4307 | D:3      | Reached skill level 6 in Ranged Weapons
  4489 | D:3      | 4489 ||| RETREEAATING.
  4492 | D:3      | 4492 ||| DRINKING 2 potions of curing.
  4492 | D:3      | 4492 ||| (to cure confusion)
  4493 | D:3      | 4493 ||| Stepping ~*~*~tactically~*~*~ (retreating).
  4496 | D:3      | 4496 ||| Stepping ~*~*~tactically~*~*~ (retreating).
  4499 | D:3      | HP: 4/32 [orc priest/divine providence (11)]
  4500 | D:3      | 4500 ||| READING scroll of teleportation.
  4500 | D:3      | Killed from afar by an orc priest

Levels and vault maps discovered:
D:1:      dpeg_arrival_prison, layout_loops_ring, chequers_jeans
D:2:      layout_loops_ring, minmay_tetromino_t2
D:3:      kennysheep_slugbush, layout_loops_corners, kennysheep_orc_chapel

Skill      XL: |  1  2  3  4  5 |
---------------+----------------+-----
Ranged Weapons | 5 6 |  6.0
Fighting       | 3 |  3.2
Dodging        | |  1.5
Stealth        | |  1.1

Action                     |  1- 3 |  4- 6 || total
---------------------------+-------+-------++-------
   Fire: Shortbow          |   126 |    55 ||   181
    Use: Scroll            |     5 |     1 ||     6
         Potion            |     1 |     1 ||     2
 Armour: Leather armour    |    37 |   149 ||   186
  Dodge: Dodged            |    29 |   109 ||   138

Table legend:
 A = Non-vault XP
 B = Vault XP
 C = Vault XP percentage of total XP
 D = Non-vault monster count
 E = Vault monster count
 F = Vault count percentage of total count
                 A         B        C        D         E       F
            +---------+---------+-------+---------+---------+-------
      Total |     179 |      30 |  14.4 |      46 |      10 |  17.9
            +---------+---------+-------+---------+---------+-------
        D:1 |      37 |       3 |   7.5 |      22 |       2 |   8.3
        D:2 |      37 |       3 |   7.5 |      17 |       2 |  10.5
        D:3 |     105 |      24 |  18.6 |       7 |       6 |  46.2
            +---------+---------+-------+---------+---------+-------
